Workbook
Name ID: #REF!

Sheet ANEXO XII - PROPOSTA FINANCEIRA
B2: ANEXO XII - MODELO DE PROPOSTA FINANCEIRA - REFORMA CASAS DE BOMBAS
A8: ITEM | B8: DESCRIÇÃO | C8: VALOR (R$) COM BDI | D8: % | E8: CB 01 | G8: CB 02 | I8: CB 03 | K8: CB 04
E9: TOTAL DO ITEM | F9: PESO | G9: TOTAL DO ITEM | H9: PESO | I9: TOTAL DO ITEM | J9: PESO | K9: TOTAL DO ITEM | L9: PESO
A10: 1 | B10: ESTUDOS E PROJETOS
A11: 2 | B11: SERVIÇOS INICIAIS
A12: 3 | B12: ADMINISTRAÇÃO DE OBRA
A13: 4 | B13: SERVIÇOS ACESSÓRIOS (para o funcionamento ininterrupto da CB ao longo da obra)
A14: 5 | B14: RELIGADORES TELECOMANDADOS
A15: 6 | B15: ENTRADA DE ENERGIA EM MT, QGBT/CCMs, ALIMENTADORES, AUTOMAÇÃO E INST. PREDIAL
A16: 7 | B16: SERVIÇOS ELÉTRICOS COMPLEMENTARES (ILUMINAÇÃO EXTERNA E SPDA)
A17: 8 | B17: REFORMAS E SUBSTITUIÇÕES MECÂNICAS (MOTOBOMBAS, TUBULAÇÕES, COMPORTAS, VÁLVULAS, GRADES DE RETENÇÃO, STOP LOGS, TAMPAS DE COBERTURA, PONTES ROLANTES, ESTRUTURAS DE APOIO, ETC)
A18: 9 | B18: REFORMAS CIVIS - ELEVAÇÃO PAINÉIS DE COMANDO, REVESTIMENTOS INTERNOS/EXTERNOS E COBERTURAS
A19: 10 | B19: SERVIÇOS FINAIS
B20: TOTAL | C20: 0 | D20: 0 | E20: 0 | F20: 0 | G20: 0 | H20: 0 | I20: 0 | J20: 0 | K20: 0 | L20: 0
A24: ITEM | B24: DESCRIÇÃO | C24: CB CC | E24: CB 06 | G24: CB 07 | I24: CB 08 | K24: SOBRESSALENTES
C25: TOTAL DO ITEM | D25: PESO | E25: TOTAL DO ITEM | F25: PESO | G25: TOTAL DO ITEM | H25: PESO | I25: TOTAL DO ITEM | J25: PESO | K25: TOTAL DO ITEM | L25: PESO
A26: 1 | B26: ESTUDOS E PROJETOS
A27: 2 | B27: SERVIÇOS INICIAIS
A28: 3 | B28: ADMINISTRAÇÃO DE OBRA
A29: 4 | B29: SERVIÇOS ACESSÓRIOS (para o funcionamento ininterrupto da CB ao longo da obra)
A30: 5 | B30: RELIGADORES TELECOMANDADOS
A31: 6 | B31: ENTRADA DE ENERGIA EM MT, QGBT/CCMs, ALIMENTADORES, AUTOMAÇÃO E INST. PREDIAL
A32: 7 | B32: SERVIÇOS ELÉTRICOS COMPLEMENTARES (ILUMINAÇÃO EXTERNA E SPDA)
A33: 8 | B33: REFORMAS E SUBSTITUIÇÕES MECÂNICAS (MOTOBOMBAS, TUBULAÇÕES, COMPORTAS, VÁLVULAS, GRADES DE RETENÇÃO, STOP LOGS, TAMPAS DE COBERTURA, PONTES ROLANTES, ESTRUTURAS DE APOIO, ETC)
A34: 9 | B34: REFORMAS CIVIS - ELEVAÇÃO PAINÉIS DE COMANDO, REVESTIMENTOS INTERNOS/EXTERNOS E COBERTURAS
A35: 10 | B35: SERVIÇOS FINAIS
B36: TOTAL | C36: 0 | D36: 0 | E36: 0 | F36: 0 | G36: 0 | H36: 0 | I36: 0 | J36: 0 | K36: 0 | L36: 0

Sheet ANEXO XIII - MODELO CRONOGRAMA
D1: CONFIGURAR PAGINA COM TAMANHO DE 1200 X 2900 MM PARA IMPRESSÃO
B6: ANEXO XIII - MODELO DE CRONOGRAMA FÍSICO FINANCEIRO - REFORMA CASAS DE BOMBAS
B7: CASA DE BOMBAS Nº 07/CINCO COLONIAS | C7: ITEM | D7: DESCRIÇÃO | E7: VALOR (R$) COM BDI | F7: % | G7: MÊS 01 | J7: MÊS 02 | M7: MÊS 03 | P7: MÊS 04 | S7: MÊS 05 | V7: MÊS 06 | Y7: MÊS 07 | AB7: MÊS 08 | AE7: MÊS 09 | AH7: MÊS 10 | AK7: MÊS 11 | AN7: MÊS 12 | AQ7: MÊS 13 | AT7: MÊS 14 | AW7: MÊS 15 | AZ7: MÊS 16 | BC7: MÊS 17 | BF7: MÊS 18 | BI7: MÊS 19 | BL7: MÊS 20 | BO7: MÊS 21 | BR7: MÊS 22 | BU7: MÊS 23 | BX7: MÊS 24 | CA7: MÊS 25 | CD7: MÊS 26 | CG7: MÊS 27 | CJ7: MÊS 28 | CM7: MÊS 29 | CP7: MÊS 30
G8: R$ | H8: % | I8: % ACUM. | J8: R$ | K8: % | L8: % ACUM. | M8: R$ | N8: % | O8: % ACUM. | P8: R$ | Q8: % | R8: % ACUM. | S8: R$ | T8: % | U8: % ACUM. | V8: R$ | W8: % | X8: % ACUM. | Y8: R$ | Z8: % | AA8: % ACUM. | AB8: R$ | AC8: % | AD8: % ACUM. | AE8: R$ | AF8: % | AG8: % ACUM. | AH8: R$ | AI8: % | AJ8: % ACUM. | AK8: R$ | AL8: % | AM8: % ACUM. | AN8: R$ | AO8: % | AP8: % ACUM. | AQ8: R$ | AR8: % | AS8: % ACUM. | AT8: R$ | AU8: % | AV8: % ACUM. | AW8: R$ | AX8: % | AY8: % ACUM. | AZ8: R$ | BA8: % | BB8: % ACUM. | BC8: R$ | BD8: % | BE8: % ACUM. | BF8: R$ | BG8: % | BH8: % ACUM. | BI8: R$ | BJ8: % | BK8: % ACUM. | BL8: R$ | BM8: % | BN8: % ACUM. | BO8: R$ | BP8: % | BQ8: % ACUM. | BR8: R$ | BS8: % | BT8: % ACUM. | BU8: R$ | BV8: % | BW8: % ACUM. | BX8: R$ | BY8: % | BZ8: % ACUM. | CA8: R$ | CB8: % | CC8: % ACUM. | CD8: R$ | CE8: % | CF8: % ACUM. | CG8: R$ | CH8: % | CI8: % ACUM. | CJ8: R$ | CK8: % | CL8: % ACUM. | CM8: R$ | CN8: % | CO8: % ACUM. | CP8: R$ | CQ8: % | CR8: % ACUM.
D9: CB7
C10: 1 | D10: ESTUDOS E PROJETOS
C11: 2 | D11: SERVIÇOS INICIAIS
C12: 3 | D12: ADMINISTRAÇÃO DE OBRA
C13: 4 | D13: SERVIÇOS ACESSÓRIOS (para o funcionamento ininterrupto da CB ao longo da obra)
C14: 5 | D14: RELIGADORES TELECOMANDADOS
C15: 6 | D15: ENTRADA DE ENERGIA EM MT, QGBT/CCMs, ALIMENTADORES, AUTOMAÇÃO E INST. PREDIAL
C16: 7 | D16: SERVIÇOS ELÉTRICOS COMPLEMENTARES (ILUMINAÇÃO EXTERNA E SPDA)
C17: ='[1]Planilha CB 07'!E463 -> 8.1 | D17: TROCA DE CONJUNTO DE BOMBEAMENTO COMPLETO VAZÃO 9.000 M3/H, INCLUSO REMOÇÃO CONJUNTO ANTIGO, FORNECIMENTO DE MOTOBOMBA, TUBOS, VÁLVULAS, STOP LOGS, GRADES DE RETENÇÃO, ESTRUTURAS DE APOIO, INSTALAÇÃO DE NOVO CONJUNTO. EXCLUSO FORÇA, COMANDO E CCM ELÉTRICO
C18: ='[1]Planilha CB 07'!E465 -> 8.3 | D18: TROCA DE CONJUNTO DE COMPORTA DE GRAVIDADE DE BYPASS, INCLUSO REMOÇÃO CONJUNTO ANTIGO, FORNECIMENTO DE TUBULAÇÃO, VÁLVULAS, COMPORTAS, STOP LOG, GRADES DE RETENÇÃO, ESTRUTURAS DE APOIO E INSTALAÇÃO DE NOVO CONJUNTO
C19: ='[1]Planilha CB 07'!E466 -> 8.4 | D19: TROCA DE PONTE ROLANTE, INCLUSO REMOÇÃO CONJUNTO ANTIGO, FORNECIMENTO E INSTALAÇÃO DE NOVA PONTE ROLANTE
C20: ='[1]Planilha CB 07'!E467 -> 8.5 | D20: FECHAMENTO DE COMPORTA DE GRAVIDADE ABAIXO DA BOMBA, INCLUSO REMOÇÃO CONJUNTO ANTIGO E FECHAMENTO DO VÃO COM CONCRETO ESTRUTURADO
C21: 9 | D21: REFORMAS CIVIS - ELEVAÇÃO PAINÉIS DE COMANDO, REVESTIMENTOS INTERNOS/EXTERNOS E COBERTURAS
C22: 10 | D22: SERVIÇOS FINAIS
D24: CBCC - CINCO COLONIAS
C25: 1 | D25: ESTUDOS E PROJETOS
C26: 2 | D26: SERVIÇOS INICIAIS
C27: 3 | D27: ADMINISTRAÇÃO DE OBRA
C28: 4 | D28: SERVIÇOS ACESSÓRIOS (para o funcionamento ininterrupto da CB ao longo da obra)
C29: 5 | D29: RELIGADORES TELECOMANDADOS
C30: 6 | D30: ENTRADA DE ENERGIA EM MT, QGBT/CCMs, ALIMENTADORES, AUTOMAÇÃO E INST. PREDIAL
C31: 7 | D31: SERVIÇOS ELÉTRICOS COMPLEMENTARES (ILUMINAÇÃO EXTERNA E SPDA)
C32: ='[1]Planilha CB CC'!E420 -> 8.1 | D32: TROCA DE CONJUNTO DE BOMBEAMENTO COMPLETO VAZÃO 200 L/S, INCLUSO REMOÇÃO CONJUNTO ANTIGO, FORNECIMENTO DE MOTOBOMBA, TUBOS, VÁLVULAS, ESTRUTURAS DE APOIO, INSTALAÇÃO DE NOVO CONJUNTO. EXCLUSO FORÇA, COMANDO E CCM ELÉTRICO
C33: ='[1]Planilha CB CC'!E421 -> 8.2 | D33: TROCA DE CONJUNTO DE ESCOAMENTO POR GRAVIDADE, INCLUSO REMOÇÃO CONJUNTO ANTIGO, FORNECIMENTO DE COMPORTAS, TUBOS, VÁLVULAS, ESTRUTURAS DE APOIO, INSTALAÇÃO DE NOVO CONJUNTO
C34: ='[1]Planilha CB CC'!E422 -> 8.3 | D34: TROCA RESTANTE COMPONENTES MECÂNICOS. INCLUSO REMOÇÃO CONJUNTO ANTIGO, FORNECIMENTO DE GRADES DE RETENÇÃO, TAMPAS DE INSPEÇÃO, TALHA ELETRICA, TROLEY, STOP LOG, INSTALAÇÃO DE NOVO CONJUNTO.
C35: 9 | D35: REFORMAS CIVIS - ELEVAÇÃO PAINÉIS DE COMANDO, REVESTIMENTOS INTERNOS/EXTERNOS E COBERTURAS
C36: 10 | D36: SERVIÇOS FINAIS
B38: CASA DE BOMBAS Nº 01, Nº 03 E Nº 06 | D38: CB1
C39: 1 | D39: ESTUDOS E PROJETOS
C40: 2 | D40: SERVIÇOS INICIAIS
C41: 3 | D41: ADMINISTRAÇÃO DE OBRA
C42: 4 | D42: SERVIÇOS ACESSÓRIOS (para o funcionamento ininterrupto da CB ao longo da obra)
C43: 5 | D43: RELIGADORES TELECOMANDADOS
C44: 6 | D44: ENTRADA DE ENERGIA EM MT, QGBT/CCMs, ALIMENTADORES, AUTOMAÇÃO E INST. PREDIAL
C45: 7 | D45: SERVIÇOS ELÉTRICOS COMPLEMENTARES (ILUMINAÇÃO EXTERNA E SPDA)
C46: 8.1 | D46: TROCA DE CONJUNTO DE BOMBEAMENTO COMPLETO VAZÃO 9.000 M3/H, INCLUSO REMOÇÃO CONJUNTO ANTIGO, FORNECIMENTO DE MOTOBOMBA, TUBOS, VÁLVULAS, STOP LOGS, GRADES DE RETENÇÃO, ESTRUTURAS DE APOIO, INSTALAÇÃO DE NOVO CONJUNTO. EXCLUSO FORÇA, COMANDO E CCM ELÉTRICO
C47: 8.3 | D47: TROCA DE CONJUNTO DE COMPORTA DE GRAVIDADE DE BYPASS, INCLUSO REMOÇÃO CONJUNTO ANTIGO, FORNECIMENTO DE TUBULAÇÃO, VÁLVULAS, COMPORTAS, STOP LOG, GRADES DE RETENÇÃO, ESTRUTURAS DE APOIO E INSTALAÇÃO DE NOVO CONJUNTO
C48: 8.4 | D48: TROCA DE PONTE ROLANTE, INCLUSO REMOÇÃO CONJUNTO ANTIGO, FORNECIMENTO E INSTALAÇÃO DE NOVA PONTE ROLANTE
C49: 8.5 | D49: FECHAMENTO DE COMPORTA DE GRAVIDADE ABAIXO DA BOMBA, INCLUSO REMOÇÃO CONJUNTO ANTIGO E FECHAMENTO DO VÃO COM CONCRETO ESTRUTURADO
C50: 9 | D50: REFORMAS CIVIS - ELEVAÇÃO PAINÉIS DE COMANDO, REVESTIMENTOS INTERNOS/EXTERNOS E COBERTURAS
C51: 10 | D51: SERVIÇOS FINAIS
D53: CB3
C54: 1 | D54: ESTUDOS E PROJETOS
C55: 2 | D55: SERVIÇOS INICIAIS
C56: 3 | D56: ADMINISTRAÇÃO DE OBRA
C57: 4 | D57: SERVIÇOS ACESSÓRIOS (para o funcionamento ininterrupto da CB ao longo da obra)
C58: 5 | D58: RELIGADORES TELECOMANDADOS
C59: 6 | D59: ENTRADA DE ENERGIA EM MT, QGBT/CCMs, ALIMENTADORES, AUTOMAÇÃO E INST. PREDIAL
C60: 7 | D60: SERVIÇOS ELÉTRICOS COMPLEMENTARES (ILUMINAÇÃO EXTERNA E SPDA)
C61: 8.1 | D61: TROCA DE CONJUNTO DE BOMBEAMENTO COMPLETO VAZÃO 9.000 M3/H, INCLUSO REMOÇÃO CONJUNTO ANTIGO, FORNECIMENTO DE MOTOBOMBA, TUBOS, VÁLVULAS, STOP LOGS, GRADES DE RETENÇÃO, ESTRUTURAS DE APOIO, INSTALAÇÃO DE NOVO CONJUNTO. EXCLUSO FORÇA, COMANDO E CCM ELÉTRICO
C62: 8.3 | D62: TROCA DE CONJUNTO DE COMPORTA DE GRAVIDADE DE BYPASS Ø1,2 m, INCLUSO REMOÇÃO CONJUNTO ANTIGO, FORNECIMENTO DE TUBULAÇÃO, VÁLVULAS, COMPORTAS, STOP LOG, GRADES DE RETENÇÃO, ESTRUTURAS DE APOIO E INSTALAÇÃO DE NOVO CONJUNTO
C63: 8.4 | D63: TROCA DE PONTE ROLANTE, INCLUSO REMOÇÃO CONJUNTO ANTIGO, FORNECIMENTO E INSTALAÇÃO DE NOVA PONTE ROLANTE
C64: 8.5 | D64: FECHAMENTO DE COMPORTA DE GRAVIDADE ABAIXO DA BOMBA, INCLUSO REMOÇÃO CONJUNTO ANTIGO E FECHAMENTO DO VÃO COM CONCRETO ESTRUTURADO
C65: 8.6 | D65: TROCA DE CONJUNTO DE COMPORTA DE GRAVIDADE DE BYPASS ▯2x1,5 m, INCLUSO REMOÇÃO CONJUNTO ANTIGO, FORNECIMENTO DE TUBULAÇÃO, VÁLVULAS, COMPORTAS, STOP LOG, GRADES DE RETENÇÃO, ESTRUTURAS DE APOIO E INSTALAÇÃO DE NOVO CONJUNTO
C66: 9 | D66: REFORMAS CIVIS - ELEVAÇÃO PAINÉIS DE COMANDO, REVESTIMENTOS INTERNOS/EXTERNOS E COBERTURAS
C67: 10 | D67: SERVIÇOS FINAIS
D69: CB6
C70: 1 | D70: ESTUDOS E PROJETOS
C71: 2 | D71: SERVIÇOS INICIAIS
C72: 3 | D72: ADMINISTRAÇÃO DE OBRA
C73: 4 | D73: SERVIÇOS ACESSÓRIOS (para o funcionamento ininterrupto da CB ao longo da obra)
C74: 5 | D74: RELIGADORES TELECOMANDADOS
C75: 6 | D75: ENTRADA DE ENERGIA EM MT, QGBT/CCMs, ALIMENTADORES, AUTOMAÇÃO E INST. PREDIAL
C76: 7 | D76: SERVIÇOS ELÉTRICOS COMPLEMENTARES (ILUMINAÇÃO EXTERNA E SPDA)
C77: 8.1 | D77: TROCA DE CONJUNTO DE BOMBEAMENTO COMPLETO VAZÃO 9.000 M3/H, INCLUSO REMOÇÃO CONJUNTO ANTIGO, FORNECIMENTO DE MOTOBOMBA, TUBOS, VÁLVULAS, STOP LOGS, GRADES DE RETENÇÃO, ESTRUTURAS DE APOIO, INSTALAÇÃO DE NOVO CONJUNTO. EXCLUSO FORÇA, COMANDO E CCM ELÉTRICO
C78: 8.3 | D78: TROCA DE CONJUNTO DE COMPORTA DE GRAVIDADE DE BYPASS, INCLUSO REMOÇÃO CONJUNTO ANTIGO, FORNECIMENTO DE TUBULAÇÃO, VÁLVULAS, COMPORTAS, STOP LOG, GRADES DE RETENÇÃO, ESTRUTURAS DE APOIO E INSTALAÇÃO DE NOVO CONJUNTO
C79: 8.4 | D79: TROCA DE PONTE ROLANTE, INCLUSO REMOÇÃO CONJUNTO ANTIGO, FORNECIMENTO E INSTALAÇÃO DE NOVA PONTE ROLANTE
C80: 8.5 | D80: FECHAMENTO DE COMPORTA DE GRAVIDADE ABAIXO DA BOMBA, INCLUSO REMOÇÃO CONJUNTO ANTIGO E FECHAMENTO DO VÃO COM CONCRETO ESTRUTURADO
C81: 9 | D81: REFORMAS CIVIS - ELEVAÇÃO PAINÉIS DE COMANDO, REVESTIMENTOS INTERNOS/EXTERNOS E COBERTURAS
C82: 10 | D82: SERVIÇOS FINAIS
B84: CASA DE BOMBAS Nº 02, Nº 04 E Nº 08 | D84: CB2
C85: 1 | D85: ESTUDOS E PROJETOS
C86: 2 | D86: SERVIÇOS INICIAIS
C87: 3 | D87: ADMINISTRAÇÃO DE OBRA
C88: 4 | D88: SERVIÇOS ACESSÓRIOS (para o funcionamento ininterrupto da CB ao longo da obra)
C89: 5 | D89: RELIGADORES TELECOMANDADOS
C90: 6 | D90: ENTRADA DE ENERGIA EM MT, QGBT/CCMs, ALIMENTADORES, AUTOMAÇÃO E INST. PREDIAL
C91: 7 | D91: SERVIÇOS ELÉTRICOS COMPLEMENTARES (ILUMINAÇÃO EXTERNA E SPDA)
C92: 8.1 | D92: TROCA DE CONJUNTO DE BOMBEAMENTO COMPLETO VAZÃO 9.000 M3/H, INCLUSO REMOÇÃO CONJUNTO ANTIGO, FORNECIMENTO DE MOTOBOMBA, TUBOS, VÁLVULAS, STOP LOGS, GRADES DE RETENÇÃO, ESTRUTURAS DE APOIO, INSTALAÇÃO DE NOVO CONJUNTO. EXCLUSO FORÇA, COMANDO E CCM ELÉTRICO
C93: 8.3 | D93: TROCA DE CONJUNTO DE COMPORTA DE GRAVIDADE DE BYPASS, INCLUSO REMOÇÃO CONJUNTO ANTIGO, FORNECIMENTO DE TUBULAÇÃO, VÁLVULAS, COMPORTAS, STOP LOG, GRADES DE RETENÇÃO, ESTRUTURAS DE APOIO E INSTALAÇÃO DE NOVO CONJUNTO
C94: 8.4 | D94: TROCA DE PONTE ROLANTE, INCLUSO REMOÇÃO CONJUNTO ANTIGO, FORNECIMENTO E INSTALAÇÃO DE NOVA PONTE ROLANTE
C95: 8.5 | D95: FECHAMENTO DE COMPORTA DE GRAVIDADE ABAIXO DA BOMBA, INCLUSO REMOÇÃO CONJUNTO ANTIGO E FECHAMENTO DO VÃO COM CONCRETO ESTRUTURADO
C96: 9 | D96: REFORMAS CIVIS - ELEVAÇÃO PAINÉIS DE COMANDO, REVESTIMENTOS INTERNOS/EXTERNOS E COBERTURAS
C97: 10 | D97: SERVIÇOS FINAIS
D99: CB4
C100: 1 | D100: ESTUDOS E PROJETOS
C101: 2 | D101: SERVIÇOS INICIAIS
C102: 3 | D102: ADMINISTRAÇÃO DE OBRA
C103: 4 | D103: SERVIÇOS ACESSÓRIOS (para o funcionamento ininterrupto da CB ao longo da obra)
C104: 5 | D104: RELIGADORES TELECOMANDADOS
C105: 6 | D105: ENTRADA DE ENERGIA EM MT, QGBT/CCMs, ALIMENTADORES, AUTOMAÇÃO E INST. PREDIAL
C106: 7 | D106: SERVIÇOS ELÉTRICOS COMPLEMENTARES (ILUMINAÇÃO EXTERNA E SPDA)
C107: 8.1 | D107: TROCA DE CONJUNTO DE BOMBEAMENTO COMPLETO VAZÃO 9.000 M3/H, INCLUSO REMOÇÃO CONJUNTO ANTIGO, FORNECIMENTO DE MOTOBOMBA, TUBOS, VÁLVULAS, STOP LOGS, GRADES DE RETENÇÃO, ESTRUTURAS DE APOIO, INSTALAÇÃO DE NOVO CONJUNTO. EXCLUSO FORÇA, COMANDO E CCM ELÉTRICO
C108: 8.3 | D108: TROCA DE CONJUNTO DE COMPORTA DE GRAVIDADE DE BYPASS, INCLUSO REMOÇÃO CONJUNTO ANTIGO, FORNECIMENTO DE TUBULAÇÃO, VÁLVULAS, COMPORTAS, STOP LOG, GRADES DE RETENÇÃO, ESTRUTURAS DE APOIO E INSTALAÇÃO DE NOVO CONJUNTO
C109: 8.4 | D109: SUBSTITUIÇÃO DA TALHA E TROLE MANUAL POR TALHA MOTORIZADA E TROLE MOTORIZADO. MANUTENÇÃO NA PONTE ROLANTE COM TROCA DE ROLAMENTOS E OUTROS COMPONENTES AVARIADOS OU GASTOS. REVISÃO GERAL DOS COMPONENTES MECÂNICOS E ELÉTRICOS. PINTURA DOS ELEMENTOS METÁLICOS.
C110: 8.5 | D110: FECHAMENTO DE COMPORTA DE GRAVIDADE ABAIXO DA BOMBA, INCLUSO REMOÇÃO CONJUNTO ANTIGO E FECHAMENTO DO VÃO COM CONCRETO ESTRUTURADO
...

Sheet Filtro Aux
A1: CLASSE | C1: CLASSE | D1: TIPO
A2: {=_xlfn.UNIQUE(Comp_Desonerado!A7:A8000)} -> #NAME? | B2: =COUNTIF(Comp_Desonerado!$A$7:$A$8000,A2) -> 0 | C2: =IFERROR(INDEX(Comp_Desonerado!$A$7:$C$8000,MATCH(D2,Comp_Desonerado!$C$7:$C$8000,0),1),"") | D2: {=_xlfn.UNIQUE(Comp_Desonerado!C7:C8000)} -> #NAME? | E2: =COUNTIF(Comp_Desonerado!$C$7:$C$8000,D2) -> 0
A3: #NAME? | B3: =COUNTIF(Comp_Desonerado!$A$7:$A$8000,A3) -> 0 | C3: =IFERROR(INDEX(Comp_Desonerado!$A$7:$C$8000,MATCH(D3,Comp_Desonerado!$C$7:$C$8000,0),1),"") | D3: #NAME? | E3: =COUNTIF(Comp_Desonerado!$C$7:$C$8000,D3) -> 0
A4: #NAME? | B4: =COUNTIF(Comp_Desonerado!$A$7:$A$8000,A4) -> 0 | C4: =IFERROR(INDEX(Comp_Desonerado!$A$7:$C$8000,MATCH(D4,Comp_Desonerado!$C$7:$C$8000,0),1),"") | D4: #NAME? | E4: =COUNTIF(Comp_Desonerado!$C$7:$C$8000,D4) -> 0
A5: #NAME? | B5: =COUNTIF(Comp_Desonerado!$A$7:$A$8000,A5) -> 0 | C5: =IFERROR(INDEX(Comp_Desonerado!$A$7:$C$8000,MATCH(D5,Comp_Desonerado!$C$7:$C$8000,0),1),"") | D5: #NAME? | E5: =COUNTIF(Comp_Desonerado!$C$7:$C$8000,D5) -> 0
A6: #NAME? | B6: =COUNTIF(Comp_Desonerado!$A$7:$A$8000,A6) -> 0 | C6: =IFERROR(INDEX(Comp_Desonerado!$A$7:$C$8000,MATCH(D6,Comp_Desonerado!$C$7:$C$8000,0),1),"") | D6: #NAME? | E6: =COUNTIF(Comp_Desonerado!$C$7:$C$8000,D6) -> 0
A7: #NAME? | B7: =COUNTIF(Comp_Desonerado!$A$7:$A$8000,A7) -> 0 | C7: =IFERROR(INDEX(Comp_Desonerado!$A$7:$C$8000,MATCH(D7,Comp_Desonerado!$C$7:$C$8000,0),1),"") | D7: #NAME? | E7: =COUNTIF(Comp_Desonerado!$C$7:$C$8000,D7) -> 0
A8: #NAME? | B8: =COUNTIF(Comp_Desonerado!$A$7:$A$8000,A8) -> 0 | C8: =IFERROR(INDEX(Comp_Desonerado!$A$7:$C$8000,MATCH(D8,Comp_Desonerado!$C$7:$C$8000,0),1),"") | D8: #NAME? | E8: =COUNTIF(Comp_Desonerado!$C$7:$C$8000,D8) -> 0
A9: #NAME? | B9: =COUNTIF(Comp_Desonerado!$A$7:$A$8000,A9) -> 0 | C9: =IFERROR(INDEX(Comp_Desonerado!$A$7:$C$8000,MATCH(D9,Comp_Desonerado!$C$7:$C$8000,0),1),"") | D9: #NAME? | E9: =COUNTIF(Comp_Desonerado!$C$7:$C$8000,D9) -> 0
A10: #NAME? | B10: =COUNTIF(Comp_Desonerado!$A$7:$A$8000,A10) -> 0 | C10: =IFERROR(INDEX(Comp_Desonerado!$A$7:$C$8000,MATCH(D10,Comp_Desonerado!$C$7:$C$8000,0),1),"") | D10: #NAME? | E10: =COUNTIF(Comp_Desonerado!$C$7:$C$8000,D10) -> 0
A11: #NAME? | B11: =COUNTIF(Comp_Desonerado!$A$7:$A$8000,A11) -> 0 | C11: =IFERROR(INDEX(Comp_Desonerado!$A$7:$C$8000,MATCH(D11,Comp_Desonerado!$C$7:$C$8000,0),1),"") | D11: #NAME? | E11: =COUNTIF(Comp_Desonerado!$C$7:$C$8000,D11) -> 0
A12: #NAME? | B12: =COUNTIF(Comp_Desonerado!$A$7:$A$8000,A12) -> 0 | C12: =IFERROR(INDEX(Comp_Desonerado!$A$7:$C$8000,MATCH(D12,Comp_Desonerado!$C$7:$C$8000,0),1),"") | D12: #NAME? | E12: =COUNTIF(Comp_Desonerado!$C$7:$C$8000,D12) -> 0
A13: #NAME? | B13: =COUNTIF(Comp_Desonerado!$A$7:$A$8000,A13) -> 0 | C13: =IFERROR(INDEX(Comp_Desonerado!$A$7:$C$8000,MATCH(D13,Comp_Desonerado!$C$7:$C$8000,0),1),"") | D13: #NAME? | E13: =COUNTIF(Comp_Desonerado!$C$7:$C$8000,D13) -> 0
A14: #NAME? | B14: =COUNTIF(Comp_Desonerado!$A$7:$A$8000,A14) -> 0 | C14: =IFERROR(INDEX(Comp_Desonerado!$A$7:$C$8000,MATCH(D14,Comp_Desonerado!$C$7:$C$8000,0),1),"") | D14: #NAME? | E14: =COUNTIF(Comp_Desonerado!$C$7:$C$8000,D14) -> 0
... A25: #NAME? | B25: =COUNTIF(Comp_Desonerado!$A$7:$A$8000,A25) -> 0 | C25: =IFERROR(INDEX(Comp_Desonerado!$A$7:$C$8000,MATCH(D25,Comp_Desonerado!$C$7:$C$8000,0),1),"") | D25: #NAME? | E25: =COUNTIF(Comp_Desonerado!$C$7:$C$8000,D25) -> 0
A26: #NAME? | C26: =IFERROR(INDEX(Comp_Desonerado!$A$7:$C$8000,MATCH(D26,Comp_Desonerado!$C$7:$C$8000,0),1),"") | D26: #NAME? | E26: =COUNTIF(Comp_Desonerado!$C$7:$C$8000,D26) -> 0
C27: =IFERROR(INDEX(Comp_Desonerado!$A$7:$C$8000,MATCH(D27,Comp_Desonerado!$C$7:$C$8000,0),1),"") | D27: #NAME? | E27: =COUNTIF(Comp_Desonerado!$C$7:$C$8000,D27) -> 0
C28: =IFERROR(INDEX(Comp_Desonerado!$A$7:$C$8000,MATCH(D28,Comp_Desonerado!$C$7:$C$8000,0),1),"") | D28: #NAME? | E28: =COUNTIF(Comp_Desonerado!$C$7:$C$8000,D28) -> 0
C29: =IFERROR(INDEX(Comp_Desonerado!$A$7:$C$8000,MATCH(D29,Comp_Desonerado!$C$7:$C$8000,0),1),"") | D29: #NAME? | E29: =COUNTIF(Comp_Desonerado!$C$7:$C$8000,D29) -> 0
C30: =IFERROR(INDEX(Comp_Desonerado!$A$7:$C$8000,MATCH(D30,Comp_Desonerado!$C$7:$C$8000,0),1),"") | D30: #NAME? | E30: =COUNTIF(Comp_Desonerado!$C$7:$C$8000,D30) -> 0
C31: =IFERROR(INDEX(Comp_Desonerado!$A$7:$C$8000,MATCH(D31,Comp_Desonerado!$C$7:$C$8000,0),1),"") | D31: #NAME? | E31: =COUNTIF(Comp_Desonerado!$C$7:$C$8000,D31) -> 0
C32: =IFERROR(INDEX(Comp_Desonerado!$A$7:$C$8000,MATCH(D32,Comp_Desonerado!$C$7:$C$8000,0),1),"") | D32: #NAME? | E32: =COUNTIF(Comp_Desonerado!$C$7:$C$8000,D32) -> 0
C33: =IFERROR(INDEX(Comp_Desonerado!$A$7:$C$8000,MATCH(D33,Comp_Desonerado!$C$7:$C$8000,0),1),"") | D33: #NAME? | E33: =COUNTIF(Comp_Desonerado!$C$7:$C$8000,D33) -> 0
C34: =IFERROR(INDEX(Comp_Desonerado!$A$7:$C$8000,MATCH(D34,Comp_Desonerado!$C$7:$C$8000,0),1),"") | D34: #NAME? | E34: =COUNTIF(Comp_Desonerado!$C$7:$C$8000,D34) -> 0
C35: =IFERROR(INDEX(Comp_Desonerado!$A$7:$C$8000,MATCH(D35,Comp_Desonerado!$C$7:$C$8000,0),1),"") | D35: #NAME? | E35: =COUNTIF(Comp_Desonerado!$C$7:$C$8000,D35) -> 0
C36: =IFERROR(INDEX(Comp_Desonerado!$A$7:$C$8000,MATCH(D36,Comp_Desonerado!$C$7:$C$8000,0),1),"") | D36: #NAME? | E36: =COUNTIF(Comp_Desonerado!$C$7:$C$8000,D36) -> 0
C37: =IFERROR(INDEX(Comp_Desonerado!$A$7:$C$8000,MATCH(D37,Comp_Desonerado!$C$7:$C$8000,0),1),"") | D37: #NAME? | E37: =COUNTIF(Comp_Desonerado!$C$7:$C$8000,D37) -> 0
C38: =IFERROR(INDEX(Comp_Desonerado!$A$7:$C$8000,MATCH(D38,Comp_Desonerado!$C$7:$C$8000,0),1),"") | D38: #NAME? | E38: =COUNTIF(Comp_Desonerado!$C$7:$C$8000,D38) -> 0
... C155: =IFERROR(INDEX(Comp_Desonerado!$A$7:$C$8000,MATCH(D155,Comp_Desonerado!$C$7:$C$8000,0),1),"") | D155: #NAME? | E155: =COUNTIF(Comp_Desonerado!$C$7:$C$8000,D155) -> 0
C156: =IFERROR(INDEX(Comp_Desonerado!$A$7:$C$8000,MATCH(D156,Comp_Desonerado!$C$7:$C$8000,0),1),"") | D156: #NAME?
C157: =IFERROR(INDEX(Comp_Desonerado!$A$7:$C$8000,MATCH(D157,Comp_Desonerado!$C$7:$C$8000,0),1),"") | D157: #NAME?
C158: =IFERROR(INDEX(Comp_Desonerado!$A$7:$C$8000,MATCH(D158,Comp_Desonerado!$C$7:$C$8000,0),1),"") | D158: #NAME?
C159: =IFERROR(INDEX(Comp_Desonerado!$A$7:$C$8000,MATCH(D159,Comp_Desonerado!$C$7:$C$8000,0),1),"") | D159: #NAME?
C160: =IFERROR(INDEX(Comp_Desonerado!$A$7:$C$8000,MATCH(D160,Comp_Desonerado!$C$7:$C$8000,0),1),"")
C161: =IFERROR(INDEX(Comp_Desonerado!$A$7:$C$8000,MATCH(D161,Comp_Desonerado!$C$7:$C$8000,0),1),"")
C162: =IFERROR(INDEX(Comp_Desonerado!$A$7:$C$8000,MATCH(D162,Comp_Desonerado!$C$7:$C$8000,0),1),"")
C163: =IFERROR(INDEX(Comp_Desonerado!$A$7:$C$8000,MATCH(D163,Comp_Desonerado!$C$7:$C$8000,0),1),"")
C164: =IFERROR(INDEX(Comp_Desonerado!$A$7:$C$8000,MATCH(D164,Comp_Desonerado!$C$7:$C$8000,0),1),"")
C165: =IFERROR(INDEX(Comp_Desonerado!$A$7:$C$8000,MATCH(D165,Comp_Desonerado!$C$7:$C$8000,0),1),"")

Sheet Filtro Ins
A1: CODIGO | B1: DESCRICAO DO INSUMO | C1: UNIDADE DE MEDIDA | D1: ORIGEM DO PRECO | E1: PRECO MEDIANO R$
A4: CODIGO | B4: DESCRICAO DO INSUMO | C4: UNIDADE DE MEDIDA | D4: ORIGEM DO PRECO | E4: PRECO MEDIANO R$

Sheet Filtro Comp
A1: DESCRICAO DA CLASSE | B1: SIGLA DA CLASSE | C1: DESCRICAO DO TIPO 1 | D1: SIGLA DO TIPO 1 | E1: CODIGO DO AGRUPADOR | F1: DESCRICAO DO AGRUPADOR | G1: CODIGO DA COMPOSICAO | H1: DESCRICAO DA COMPOSICAO | I1: UNIDADE | J1: ORIGEM DE PREÇO | K1: CUSTO TOTAL | L1: VINCULO
A4: DESCRICAO DA CLASSE | B4: SIGLA DA CLASSE | C4: DESCRICAO DO TIPO 1 | D4: SIGLA DO TIPO 1 | E4: CODIGO DO AGRUPADOR | F4: DESCRICAO DO AGRUPADOR | G4: CODIGO DA COMPOSICAO | H4: DESCRICAO DA COMPOSICAO | I4: UNIDADE | J4: ORIGEM DE PREÇO | K4: CUSTO TOTAL | L4: VINCULO
L5: CAIXA REFERENCIAL
L6: CAIXA REFERENCIAL
L7: CAIXA REFERENCIAL
L8: CAIXA REFERENCIAL
L9: CAIXA REFERENCIAL
L10: CAIXA REFERENCIAL
L11: CAIXA REFERENCIAL
L12: CAIXA REFERENCIAL
L13: CAIXA REFERENCIAL
L14: CAIXA REFERENCIAL

Sheet Filtro SicComp
A1: Código | B1: Descrição do Serviço | C1: Unidade | D1: Custo Unitário (R$)
A4: Código | B4: Descrição do Serviço | C4: Unidade | D4: Custo Unitário (R$)

Sheet Filtro SicMat
A1: Código | B1: Descrição | C1: Unidade | D1: Preço Unitário (R$)
A4: Código | B4: Descrição | C4: Unidade | D4: Preço Unitário (R$)

Sheet Filtro SicEquip
A1: Código | B1: Descrição | C1: Valor de Aquisição (R$) | D1: Depreciação (R$/h) | E1: Oportunidade de Capital (R$/h) | F1: Seguros e Impostos (R$/h) | G1: Manutenção (R$/h) | H1: Operação (R$/h) | I1: Mão de Obra de Operação (R$/h) | J1: Custo Produtivo (R$/h) | K1: Custo Improdutivo (R$/h)
A4: Código | B4: Descrição | C4: Valor de Aquisição (R$) | D4: Depreciação (R$/h) | E4: Oportunidade de Capital (R$/h) | F4: Seguros e Impostos (R$/h) | G4: Manutenção (R$/h) | H4: Operação (R$/h) | I4: Mão de Obra de Operação (R$/h) | J4: Custo Produtivo (R$/h) | K4: Custo Improdutivo (R$/h)

Sheet Filtro SicMO
A1: Código | B1: Descrição | C1: Unidade | D1: Salário (R$) | E1: Encargos Totais | F1: Custo (R$) | G1: Periculosidade/ Insalubridade
A4: Código | B4: Descrição | C4: Unidade | D4: Salário (R$) | E4: Encargos Totais | F4: Custo (R$) | G4: Periculosidade/ Insalubridade

Sheet Sicro_Comp
A1: CGCIT | B1: SISTEMA DE CUSTOS REFERENCIAIS DE OBRAS - SICRO | D1: DNIT
B2: Rio Grande do Sul - Janeiro/2022
A3: Código | B3: Descrição do Serviço | C3: Unidade | D3: Custo Unitário (R$)
A4: 307731 | B4: Aparelho de apoio de neoprene fretado para estruturas moldadas no local - fornecimento e instalação | C4: dm³ | D4: 99.22
A5: 307732 | B5: Aparelho de apoio de neoprene fretado para estruturas pré-moldadas - fornecimento e instalação | C5: dm³ | D5: 79.02
A6: 308308 | B6: Aparelho de apoio metálico elastomérico fixo com capacidade de 1.500 kN - fornecimento e instalação | C6: un | D6: 17175.76
A7: 308313 | B7: Aparelho de apoio metálico elastomérico fixo com capacidade de 10.000 kN - fornecimento e instalação | C7: un | D7: 113067.12
A8: 308309 | B8: Aparelho de apoio metálico elastomérico fixo com capacidade de 2.500 kN - fornecimento e instalação | C8: un | D8: 28116.2
A9: 308310 | B9: Aparelho de apoio metálico elastomérico fixo com capacidade de 4.000 kN - fornecimento e instalação | C9: un | D9: 45351.63
A10: 308311 | B10: Aparelho de apoio metálico elastomérico fixo com capacidade de 5.500 kN - fornecimento e instalação | C10: un | D10: 60894.73
A11: 308312 | B11: Aparelho de apoio metálico elastomérico fixo com capacidade de 7.500 kN - fornecimento e instalação | C11: un | D11: 83568.73
A12: 308307 | B12: Aparelho de apoio metálico elastomérico fixo com capacidade de 700 kN - fornecimento e instalação | C12: un | D12: 11466.6
A13: 308322 | B13: Aparelho de apoio metálico elastomérico multidirecional com capacidade de 1.500 kN - fornecimento e instalação | C13: un | D13: 9081.53
A14: 308327 | B14: Aparelho de apoio metálico elastomérico multidirecional com capacidade de 10.000 kN - fornecimento e instalação | C14: un | D14: 56803.81
A15: 308323 | B15: Aparelho de apoio metálico elastomérico multidirecional com capacidade de 2.500 kN - fornecimento e instalação | C15: un | D15: 13911.39
... A6375: 7119700 | B6375: Tratamento superficial e pintura das obras vivas e mortas externas do flutuante (fundo, costados e espelhos de proa e popa) | C6375: m² | D6375: 47.18

Sheet Sicro_Mat
A1: CGCIT | B1: SISTEMA DE CUSTOS REFERENCIAIS DE OBRAS - SICRO | D1: DNIT
B2: Rio Grande do Sul - Janeiro/2022
A3: Código | B3: Descrição | C3: Unidade | D3: Preço Unitário (R$)
A4: M0003 | B4: Aço CA 25 | C4: kg | D4: 9.3124
A5: M0004 | B5: Aço CA 50 | C5: kg | D5: 8.4168
A6: M0005 | B6: Brita 0 | C6: m³ | D6: 105.8824
A7: M0006 | B7: Fibra de poliamida para concreto | C7: kg | D7: 16.9184
A8: M0007 | B8: Fibra de aço para concreto | C8: kg | D8: 12.8325
A9: M0008 | B9: Detergente líquido neutro | C9: l | D9: 3.7185
A10: M0009 | B10: Aço CP 175 RB | C10: kg | D10: 10.5707
A11: M0010 | B11: Aditivo superplastificante para concreto e argamassa | C11: kg | D11: 11.8936
A12: M0011 | B12: Aditivo modificador de viscosidade para concreto e argamassa | C12: kg | D12: 6.9143
A13: M0012 | B13: Silicato de alumínio | C13: kg | D13: 1.5077
A14: M0013 | B14: Grampo de ancoragem em aço CA 50 - D = 12,5 mm | C14: kg | D14: 8.4168
A15: M0014 | B15: Aço CA 60 | C15: kg | D15: 9.7337
... A81: M0103 | B81: Aditivo acelerador de pega para concreto e argamassa projetados | C81: kg | D81: 5.8298
A82: M0104 | B82: Asfalto diluído de petróleo - CM-30 | C82: t | D82: -
A83: M0105 | B83: Ancoragem ativa para 4 cordoalhas - D = 15,2 mm | C83: un | D83: 343.7111
A84: M0106 | B84: Ancoragem ativa para 6 cordoalhas - D = 15,2 mm | C84: un | D84: 508.6144
A85: M0107 | B85: Geocomposto para drenagem | C85: m² | D85: 26.5998
A86: M0108 | B86: Ancoragem ativa para 7 cordoalhas - D = 15,2 mm | C86: un | D86: 601.2987
A87: M0109 | B87: Geodreno vertical - L = 10 cm e E = 5 mm | C87: m | D87: 4.0888
A88: M0110 | B88: Ancoragem ativa para 10 cordoalhas - D = 15,2 mm | C88: un | D88: 902.7649
A89: M0111 | B89: Ancoragem ativa para 9 cordoalhas - D = 15,2 mm | C89: un | D89: 808.2597
A90: M0112 | B90: Disco diamantado segmentado para corte de pavimento - D = 1.000 mm | C90: un | D90: 5057.667
A91: M0113 | B91: Ancoragem ativa para 12 cordoalhas - D = 15,2 mm | C91: un | D91: 1110.7681
A92: M0114 | B92: Disco diamantado segmentado para corte de pavimento - D = 1.500 mm | C92: un | D92: 22125.679
A93: M0115 | B93: Biomanta vegetal de fibras de coco entrelaçadas com fios de polipropileno biodegradáveis - densidade 0,4 kg/m² | C93: m² | D93: 5.7232
A94: M0116 | B94: Mangote flangeado de borracha reforçada com lonas sintéticas - C = 1,80 m e D = 0,30 m | C94: un | D94: 14235.448
... A221: M0450 | B221: Compensado de virola - E = 6 mm | C221: m² | D221: 24.0747
A222: M0451 | B222: Concreto usinado - fck = 20 MPa (comercial) | C222: m³ | D222: -
A223: M0452 | B223: Concreto usinado - fck = 25 MPa (comercial) | C223: m³ | D223: -
A224: M0453 | B224: Concreto usinado - fck = 30 MPa (comercial) | C224: m³ | D224: -
A225: M0454 | B225: Concreto usinado - fck = 35 MPa (comercial) | C225: m³ | D225: -
A226: M0459 | B226: Compensado plastificado - E = 14 mm | C226: m² | D226: 54.9586
A227: M0465 | B227: Barra redonda em aço SAE 1020 - D = 15,88 mm (5/8") | C227: kg | D227: 13.4008
A228: M0466 | B228: Luva de PVC rosqueável - D = 42,1 mm (1 1/4") | C228: un | D228: 7.2197
A229: M0467 | B229: Luva em aço para emenda tipo prensada - D = 20,0 mm | C229: un | D229: 39.6246
A230: M0468 | B230: Luva em aço para emenda tipo prensada - D = 25,0 mm | C230: un | D230: 65.6106
A231: M0469 | B231: Luva em aço para emenda tipo prensada - D = 32,0 mm | C231: un | D231: 135.9093
A232: M0470 | B232: Luva em aço para emenda com rosca cônica - D = 12,5 mm | C232: un | D232: 15.5979
A233: M0471 | B233: Luva em aço para emenda com rosca cônica - D = 16,0 mm | C233: un | D233: 23.2198
A234: M0472 | B234: Luva em aço para emenda com rosca cônica - D = 20,0 mm | C234: un | D234: 33.3652
A235: M0481 | B235: Luva em aço para emenda com rosca cônica - D = 25,0 mm | C235: un | D235: 49.2463
A236: M0502 | B236: Luva em aço para emenda com rosca cônica - D = 32,0 mm | C236: un | D236: 74.557
A237: M0505 | B237: Broca de widia - D = 6,5 mm e C = 100 mm | C237: un | D237: 5.7549
... A278: M0603 | B278: Ponteiro para rompedor hidráulico de 520 kg | C278: un | D278: 5195.4903
A279: M0614 | B279: Concreto usinado - fctM,k = 4,5 MPa (comercial) | C279: m³ | D279: -
A280: M0615 | B280: Aditivo incorporador de ar para concreto e argamassa | C280: kg | D280: 5.1313
A281: M0639 | B281: Bico para corte a plasma CNC - 130A | C281: un | D281: 138.5118
A282: M0640 | B282: Bocal para corte a plasma CNC - 130A | C282: un | D282: 109.09
A283: M0641 | B283: Capa do bico para corte a plasma CNC - 130A | C283: un | D283: 1140.7025
A284: M0642 | B284: Capa do bocal para corte a plasma CNC - 130A | C284: un | D284: 558.4129
A285: M0643 | B285: Distribuidor de gás para corte a plasma CNC - 130A | C285: un | D285: 159.4224
A286: M0644 | B286: Eletrodo para corte a plasma CNC - 130A | C286: un | D286: 102.8867
A287: M0645 | B287: Tubo de água para corte a plasma CNC - 130A | C287: un | D287: 161.6269
A288: M0646 | B288: Estaca pré-moldada de concreto protendido com compressão admissível de 100 t | C288: m | D288: 145.8203
A289: M0647 | B289: Estaca pré-moldada de concreto protendido com compressão admissível de 25 t | C289: m | D289: 51.6491
A290: M0648 | B290: Estaca pré-moldada de concreto protendido com compressão admissível de 35 t | C290: m | D290: 69.6902
A291: M0649 | B291: Estaca pré-moldada de concreto protendido com compressão admissível de 60 t | C291: m | D291: 89.8
... A315: M0773 | B315: Perfil de alumínio tipo L463 para placa de sinalização - seção de 50 x 50 mm | C315: m | D315: 59.7623
A316: M0783 | B316: Massa asfáltica comercial - capa de rolamento | C316: t | D316: -
A317: M0784 | B317: Massa asfáltica comercial - binder | C317: t | D317: -
A318: M0786 | B318: Placa de poliestireno expandido (EPS) | C318: m³ | D318: 310.9352
A319: M0787 | B319: Suporte em aço-carbono galvanizado tipo perfil C para placa de sinalização | C319: kg | D319: 23.5071
A320: M0789 | B320: Conjunto para fixação de placas em aço galvanizado composto por barra chata, abraçadeira, parafusos, porcas e arruelas | C320: kg | D320: 19.2998
A321: M0796 | B321: Semipórtico metálico para vão de 8,3 m e vento de 35 m/s | C321: un | D321: 38951.8
A322: M0798 | B322: Apoio de neoprene fretado | C322: dm³ | D322: 75.2807
A323: M0804 | B323: Cabo de aço - D = 12,70 mm (1/2") | C323: m | D323: 22.3418
A324: M0805 | B324: Semipórtico duplo metálico para vão de 2 x 8,3 m e vento de 35 m/s | C324: un | D324: 65492.615
A325: M0808 | B325: Brita 4 | C325: m³ | D325: 91.3533
A326: M0809 | B326: Cabo de aço - D = 6,35 mm (1/4") | C326: m | D326: 8.6767
A327: M0810 | B327: Cabo de aço - D = 52,00 mm (2") | C327: m | D327: 736.5733
A328: M0812 | B328: Sapatilha em aço inox - D = 6,35 mm (1/4") | C328: un | D328: 1.9
A329: M0818 | B329: Semipórtico metálico para vão de 8,3 m e vento de 40 m/s | C329: un | D329: 43436.326
... A383: M1118 | B383: Cruzeta de madeira para poste - H = 240 cm | C383: un | D383: 104.8055
A384: M1129 | B384: Junta de dilatação em perfil extrudado de borracha vulcanizada | C384: m | D384: -
A385: M1130 | B385: Selante elástico à base de poliuretano | C385: kg | D385: 76.2441
A386: M1131 | B386: Cordão de polietileno expandido de baixa densidade - D = 15,0 mm | C386: m | D386: 0.1912
A387: M1132 | B387: Junta de dilatação em elastômero e perfil VV - L = 20 mm e H = 40 mm | C387: m | D387: 308.5766
A388: M1134 | B388: Junta de dilatação em elastômero e perfil VV - L = 25 mm e H = 50 mm | C388: m | D388: 397.3829
A389: M1135 | B389: Pó de pedra | C389: m³ | D389: 90.0236
A390: M1142 | B390: Junta de dilatação em elastômero e perfil VV - L = 35 mm e H = 60 mm | C390: m | D390: 725.6758
A391: M1150 | B391: Adesivo estrutural à base de resina epóxi bicomponente tipo ADE-52 ou similar | C391: kg | D391: 108.4118
A392: M1151 | B392: Junta de dilatação em elastômero e perfil VV - L = 40 mm e H = 70 mm | C392: m | D392: 941.4333
A393: M1152 | B393: Junta de dilatação em elastômero e perfil VV - L = 50 mm e H = 80 mm | C393: m | D393: 1157.3095
A394: M1176 | B394: Arame liso em aço galvanizado - D = 1,65 mm (16 BWG) | C394: kg | D394: 16.6065
A395: M1205 | B395: Prego de ferro | C395: kg | D395: 12.8993
A396: M1210 | B396: Pórtico metálico para vão de 15,9 m e vento de 35 m/s | C396: un | D396: 78957.954
... A503: M1553 | B503: Geotêxtil não-tecido agulhado em poliéster - resistência à tração longitudinal de 31 kN/m | C503: m² | D503: 17.5742
A504: M1556 | B504: Terra vegetal produzida | C504: m³ | D504: -
A505: M1575 | B505: Tinta látex à base de resina acrílica | C505: l | D505: 13.9716
A506: M1577 | B506: Tinta plástica à base de resina metacrílica aplicada a frio por dispersão ou extrusão | C506: kg | D506: 39
A507: M1585 | B507: Massa termoplástica aplicada por extrusão | C507: kg | D507: 9.2519
A508: M1591 | B508: Suporte polimérico ecológico maciço colapsível para placa de sinalização - D = 6,4 cm | C508: m | D508: 162.4173
A509: M1600 | B509: Trilho TR25 em aço-carbono usado | C509: kg | D509: 4.7922
A510: M1602 | B510: Trilho TR37 em aço-carbono usado | C510: kg | D510: 4.7923
A511: M1603 | B511: Trilho TR45 em aço-carbono usado | C511: kg | D511: 4.7922
A512: M1605 | B512: Trilho TR57 em aço-carbono usado | C512: kg | D512: 4.7922
A513: M1606 | B513: Trilho TR68 em aço-carbono usado | C513: kg | D513: 4.7923
...

Sheet Sicro_Eq_Des
A1: CGCIT | B1: SISTEMA DE CUSTOS REFERENCIAIS DE OBRAS - SICRO | K1: DNIT
B2: Rio Grande do Sul - Janeiro/2022 - Com desoneração
A3: Código | B3: Descrição | C3: Valor de Aquisição (R$) | D3: Depreciação (R$/h) | E3: Oportunidade de Capital (R$/h) | F3: Seguros e Impostos (R$/h) | G3: Manutenção (R$/h) | H3: Operação (R$/h) | I3: Mão de Obra de Operação (R$/h) | J3: Custo Produtivo (R$/h) | K3: Custo Improdutivo (R$/h)
A4: E9001 | B4: Conjunto vibratório para tubos de concreto com encaixe PB e 3 jogos de fôrmas - D = 0,60 m - 2,20 kW | C4: 59059.787 | D4: 7.8746 | E4: 1.822 | F4: 0 | G4: 5.906 | H4: 0 | I4: 0 | J4: 15.6026 | K4: 9.6966
A5: E9002 | B5: Conjunto vibratório para tubos de concreto com encaixe PB e 3 jogos de fôrmas - D = 0,80 m - 2,20 kW | C5: 64017.5 | D5: 8.5357 | E5: 1.9749 | F5: 0 | G5: 6.4018 | H5: 0 | I5: 0 | J5: 16.9124 | K5: 10.5106
A6: E9003 | B6: Conjunto vibratório para tubos de concreto com encaixe PB e 3 jogos de fôrmas - D = 1,00 m - 2,20 kW | C6: 70202.733 | D6: 9.3604 | E6: 2.1658 | F6: 0 | G6: 7.0203 | H6: 0 | I6: 0 | J6: 18.5465 | K6: 11.5262
A7: E9004 | B7: Conjunto vibratório para tubos de concreto com encaixe PB e 3 jogos de fôrmas - D = 1,20 m - 2,20 kW | C7: 70602.453 | D7: 9.4137 | E7: 2.1781 | F7: 0 | G7: 7.0602 | H7: 0 | I7: 0 | J7: 18.652 | K7: 11.5918
A8: E9005 | B8: Conjunto vibratório para tubos de concreto com encaixe PB e 3 jogos de fôrmas - D = 1,50 m - 2,20 kW | C8: 73271.673 | D8: 9.7696 | E8: 2.2604 | F8: 0 | G8: 7.3272 | H8: 0 | I8: 0 | J8: 19.3572 | K8: 12.03
A9: E9006 | B9: Equipamento para sondagem manual | C9: 2128.4563 | D9: 0.3618 | E9: 0.0788 | F9: 0 | G9: 0.2128 | H9: 0 | I9: 0 | J9: 0.6534 | K9: 0.4406
A10: E9007 | B10: Bomba de pistão triplex com capacidade de 7,80 m³/h (130 l/min) - 8,20 kW | C10: 67022.628 | D10: 5.3618 | E10: 1.2406 | F10: 0 | G10: 4.6916 | H10: 7.0995 | I10: 0 | J10: 18.3935 | K10: 6.6024
A11: E9008 | B11: Transportador manual de tubos de concreto com capacidade de 1 t | C11: 2133.2097 | D11: 1.9199 | E11: 0.1316 | F11: 0 | G11: 1.0666 | H11: 0 | I11: 0 | J11: 3.1181 | K11: 2.0515
A12: E9009 | B12: Embarcação rebocadora - 268 kW | C12: 626819.01 | D12: 8.1617 | E12: 3.6369 | F12: 0 | G12: 18.1371 | H12: 232.0323 | I12: 107.0903 | J12: 369.0583 | K12: 118.8889
A13: E9010 | B13: Balança plataforma digital com mesa de 75 x 75 cm com capacidade de 500 kg | C13: 6062.5592 | D13: 0.9094 | E13: 0.1247 | F13: 0 | G13: 0.5052 | H13: 0 | I13: 0 | J13: 1.5393 | K13: 1.0341
A14: E9011 | B14: Carro manual modelo plataforma de 200 x 80 cm com capacidade de 800 kg | C14: 1795.991 | D14: 0.3233 | E14: 0.0665 | F14: 0 | G14: 0.1796 | H14: 0 | I14: 0 | J14: 0.5694 | K14: 0.3898
A15: E9014 | B15: Deflectômetro de impacto (FWD) instalado em picape com reboque e faixa de carga de 7 a 120 kN - 147 kW | C15: 2103765.6 | D15: 168.3012 | E15: 38.9407 | F15: 0 | G15: 105.1883 | H15: 0 | I15: 24.0447 | J15: 336.4749 | K15: 231.2866
... A366: E9798 | B366: Perfuratriz hidráulica rotopercussiva - 123 kW | C366: 1745573.3 | D366: 116.3716 | E366: 31.413 | F366: 0 | G366: 116.3716 | H366: 84.073 | I366: 23.5067 | J366: 371.7359 | K366: 171.2913
A367: E9013 | B367: Caminhão tanque de asfalto com capacidade de 31.000 l - 265 kW | J367: 377.0943 | K367: 86.9973
A368: A9335 | B368: Cavalo mecânico estradeiro 6 x 2, PBT 23.000 kg - 265 kW - condição de trabalho severa - Motorista de caminhão | C368: 785747.6 | D368: 33.6749 | E368: 13.8516 | F368: 5.6125 | G368: 50.5123 | H368: 229.4349 | I368: 20.1859 | J368: 353.2721 | K368: 73.3249
A369: A9364 | B369: Tanque isotérmico de asfalto com capacidade de 31.000 l | C369: 253743.95 | D369: 10.1498 | E369: 3.5226 | F369: 0 | G369: 10.1498 | H369: 0 | I369: 0 | J369: 23.8222 | K369: 13.6724
A370: E9018 | B370: Cavalo mecânico com dolly intermediário e semirreboque de 4 eixos com capacidade de 53 t - 323 kW | J370: 450.9322 | K370: 143.1788
A371: A9324 | B371: Cavalo mecânico estradeiro 6 x 4, PBT 23.000 kg - 323 kW - Motorista de veículo especial | C371: 912826.18 | D371: 39.1211 | E371: 16.0918 | F371: 6.5202 | G371: 58.6817 | H371: 206.0585 | I371: 24.0447 | J371: 350.518 | K371: 85.7778
A372: A9355 | B372: Semirreboque com 4 eixos | C372: 476098.8 | D372: 31.7399 | E372: 15.9116 | F372: 0 | G372: 35.7074 | H372: 0 | I372: 0 | J372: 83.3589 | K372: 47.6515
A373: A9382 | B373: Dolly intermediário com 2 eixos para semirreboque | C373: 97410.417 | D373: 6.494 | E373: 3.2555 | F373: 0 | G373: 7.3058 | H373: 0 | I373: 0 | J373: 17.0553 | K373: 9.7495
A374: E9027 | B374: Caminhão distribuidor de cimento e cal com capacidade de 17 m³ - 210 kW | J374: 362.5198 | K374: 103.4094
A375: A9333 | B375: Caminhão plataforma 8 x 2, PBTC 36.000 kg e distância entre eixos 4,8 m - 210 kW - Motorista de caminhão | C375: 640003.36 | D375: 27.4287 | E375: 11.2823 | F375: 4.5715 | G375: 41.1431 | H375: 181.8163 | I375: 20.1859 | J375: 286.4278 | K375: 63.4684
A376: A9365 | B376: Distribuidor de cimento montado sobre chassi com capacidade de 17 m³ | C376: 425778.07 | D376: 32.1342 | E376: 7.8068 | F376: 0 | G376: 36.151 | H376: 0 | I376: 0 | J376: 76.092 | K376: 39.941
A377: E9037 | B377: Plataforma de inspeção sob pontes montada em caminhão com capacidade de 500 kg e alcance de 15 m - 188 kW | J377: 613.2974 | K377: 259.6293
A378: A9334 | B378: Caminhão plataforma 8 x 2, PBT 29.000 kg e distância entre eixos 4,8 m - 188 kW - condição de trabalho severa - Motorista de veículo especial | C378: 613515.83 | D378: 26.2935 | E378: 10.8154 | F378: 4.3823 | G378: 39.4403 | H378: 162.7689 | I378: 24.0447 | J378: 267.7451 | K378: 65.5359
A379: A9378 | B379: Plataforma telescópica para inspeção de pontes montada sobre chassi com capacidade de 500 kg | C379: 2356027.7 | D379: 134.6302 | E379: 41.5334 | F379: 0 | G379: 151.4589 | H379: 0 | I379: 17.9298 | J379: 345.5523 | K379: 194.0934
A380: E9041 | B380: Caminhão carroceria com guindauto com capacidade de 45 t.m - 188 kW | J380: 344.4134 | K380: 116.0497
A381: A9313 | B381: Caminhão plataforma 6 x 2, PBT 23.000 kg e distância entre eixos 5,4 m - 188 kW - Motorista de veículo especial | C381: 645252.64 | D381: 27.6537 | E381: 11.3749 | F381: 4.6089 | G381: 41.4805 | H381: 162.7689 | I381: 24.0447 | J381: 271.9316 | K381: 67.6822
A382: A9351 | B382: Carroceria de madeira com capacidade de 11 t | C382: 35215.586 | D382: 2.4287 | E382: 0.6369 | F382: 0 | G382: 2.4287 | H382: 0 | I382: 0 | J382: 5.4943 | K382: 3.0656
A383: A9373 | B383: Guindaste articulado montado sobre chassi com capacidade de 45 t.m | C383: 314440.5 | D383: 21.6856 | E383: 5.6865 | F383: 0 | G383: 21.6856 | H383: 0 | I383: 17.9298 | J383: 66.9875 | K383: 45.3019
A384: E9082 | B384: Bate-estaca hidráulico para defensas montado em caminhão guindauto com capacidade de 20 t.m e carroceria de 4 t - 136 kW | J384: 297.1132 | K384: 122.9863
A385: A9323 | B385: Caminhão plataforma 4 x 2, PBT 14.300 kg e distância entre eixos 4,8 m - 136 kW - condição de trabalho severa - Motorista de caminhão | C385: 494579.28 | D385: 21.1963 | E385: 8.7187 | F385: 3.5327 | G385: 31.7944 | H385: 117.7477 | I385: 20.1859 | J385: 203.1757 | K385: 53.6336
A386: A9347 | B386: Carroceria de madeira com capacidade de 4 t | C386: 17692.92 | D386: 1.2202 | E386: 0.32 | F386: 0 | G386: 1.2202 | H386: 0 | I386: 0 | J386: 2.7604 | K386: 1.5402
A387: A9372 | B387: Guindaste articulado montado sobre chassi com capacidade de 20 t.m | C387: 179777.8 | D387: 12.3985 | E387: 3.2512 | F387: 0 | G387: 12.3985 | H387: 0 | I387: 17.9298 | J387: 45.978 | K387: 33.5795
A388: A9379 | B388: Bate-estaca hidráulico para defensas metálicas montada sobre chassi | C388: 205615 | D388: 11.6515 | E388: 4.6517 | F388: 0 | G388: 10.9661 | H388: 0 | I388: 17.9298 | J388: 45.1991 | K388: 34.233
A389: E9097 | B389: Caminhão de resgate de veículos leves com plataforma com capacidade de 4 t - 115 kW | J389: 183.3214 | K389: 54.8905
A390: A9326 | B390: Caminhão plataforma 4 x 2 PBT 9.600 kg e distância entre eixos 3,7 m - 115 kW - Motorista de veículo especial | C390: 381805.81 | D390: 16.3631 | E390: 6.7307 | F390: 2.7272 | G390: 24.5447 | H390: 99.5661 | I390: 24.0447 | J390: 173.9765 | K390: 49.8657
A391: A9374 | B391: Plataforma hidráulica para resgate de veículos montada sobre chassi com capacidade de 4 t | C391: 67201 | D391: 3.8401 | E391: 1.1847 | F391: 0 | G391: 4.3201 | H391: 0 | I391: 0 | J391: 9.3449 | K391: 5.0248
A392: E9098 | B392: Caminhão de resgate de veículos de porte médio com capacidade do guincho de 20 t - 136 kW | J392: 246.5806 | K392: 86.9511
A393: A9306 | B393: Caminhão plataforma 4 x 2, PBT 16.000 kg e distância entre eixos 3,6 m - 136 kW - Motorista de veículo especial | C393: 523110.26 | D393: 22.419 | E393: 9.2217 | F393: 3.7365 | G393: 33.6285 | H393: 117.7477 | I393: 24.0447 | J393: 210.7981 | K393: 59.4219
A394: A9375 | B394: Guincho rebocador para resgate de veículos montada sobre chassi com capacidade de 20 t | C394: 128384 | D394: 7.3362 | E394: 2.2632 | F394: 0 | G394: 8.2533 | H394: 0 | I394: 17.9298 | J394: 35.7825 | K394: 27.5292
A395: E9099 | B395: Caminhão de resgate de veículos pesados com dois guinchos com capacidade de 35 t - 240 kW | J395: 417.7522 | K395: 129.6679
A396: A9320 | B396: Caminhão plataforma 6 x 2, PBT 23.000 kg e distância entre eixos 4,8 m - 240 kW - Motorista de veículo especial | C396: 797670.18 | D396: 34.1859 | E396: 14.0618 | F396: 5.6976 | G396: 51.2788 | H396: 207.7901 | I396: 24.0447 | J396: 337.0589 | K396: 77.99
A397: A9376 | B397: Guincho rebocador para resgate de veículos montada sobre chassi com capacidade de 35 t | C397: 451350 | D397: 25.7914 | E397: 7.9567 | F397: 0 | G397: 29.0154 | H397: 0 | I397: 17.9298 | J397: 80.6933 | K397: 51.6779
A398: E9100 | B398: Cavalo mecânico sem reboque - 210 kW | J398: 225.7773 | K398: 56.9041
A399: A9310 | B399: Cavalo mecânico 4 x 2, PBT 16.000 kg - 210 kW - Motorista de caminhão | C399: 542939.78 | D399: 23.2688 | E399: 9.5713 | F399: 3.8781 | G399: 34.9033 | H399: 133.9699 | I399: 20.1859 | J399: 225.7773 | K399: 56.9041
A400: E9114 | B400: Painel com seta luminosa para montagem em caminhão | J400: 5.3867 | K400: 3.6875
A401: A9380 | B401: Painel com seta luminosa montado sobre chassi | C401: 33983.354 | D401: 3.0585 | E401: 0.629 | F401: 0 | G401: 1.6992 | H401: 0 | I401: 0 | J401: 5.3867 | K401: 3.6875
A402: E9115 | B402: Amortecedor retrátil (AMC) para montagem em caminhão | J402: 45.0902 | K402: 24.6473
A403: A9381 | B403: Amortecedor retrátil montado em caminhão | C403: 227143.73 | D403: 20.4429 | E403: 4.2044 | F403: 0 | G403: 20.4429 | H403: 0 | I403: 0 | J403: 45.0902 | K403: 24.6473
A404: E9145 | B404: Caminhão basculante para concreto com capacidade de 7 m³ - 188 kW | J404: 229.1091 | K404: 65.9112
A405: A9316 | B405: Caminhão plataforma 8 x 2, PBT 29.000 kg e distância entre eixos 4,8 m - 188 kW - Motorista de caminhão | C405: 610318.44 | D405: 26.1565 | E405: 10.759 | F405: 4.3594 | G405: 39.2348 | H405: 119.935 | I405: 20.1859 | J405: 220.6306 | K405: 61.4608
A406: A9340 | B406: Caçamba basculante para concreto com capacidade de 7 m³ | C406: 47441.9 | D406: 3.5805 | E406: 0.8699 | F406: 0 | G406: 4.0281 | H406: 0 | I406: 0 | J406: 8.4785 | K406: 4.4504
A407: E9146 | B407: Caminhão silo com capacidade de 30 m³ - 265 kW | J407: 396.3051 | K407: 97.3355
A408: A9335 | B408: Cavalo mecânico estradeiro 6 x 2, PBT 23.000 kg - 265 kW - condição de trabalho severa - Motorista de caminhão | C408: 785747.6 | D408: 33.6749 | E408: 13.8516 | F408: 5.6125 | G408: 50.5123 | H408: 229.4349 | I408: 20.1859 | J408: 353.2721 | K408: 73.3249
A409: A9357 | B409: Semirreboque silo para cimento com capacidade de 30 m³ | C409: 275825 | D409: 19.0224 | E409: 4.9882 | F409: 0 | G409: 19.0224 | H409: 0 | I409: 0 | J409: 43.033 | K409: 24.0106
A410: E9169 | B410: Cavalo mecânico com dolly pneumático de 4 eixos e mesas de giro com capacidade de 57 t - 323 kW | J410: 500.1092 | K410: 171.2905
A411: A9324 | B411: Cavalo mecânico estradeiro 6 x 4, PBT 23.000 kg - 323 kW - Motorista de veículo especial | C411: 912826.18 | D411: 39.1211 | E411: 16.0918 | F411: 6.5202 | G411: 58.6817 | H411: 206.0585 | I411: 24.0447 | J411: 350.518 | K411: 85.7778
A412: A9385 | B412: Conjunto de duas mesas de giro para quinta roda ou reboque com capacidade de 100 t cada | C412: 297384.48 | D412: 19.8256 | E412: 9.9388 | F412: 0 | G412: 22.3038 | H412: 0 | I412: 0 | J412: 52.0682 | K412: 29.7644
A413: A9389 | B413: Dolly pneumático com capacidade de 48 t e 4 eixos | C413: 556995.69 | D413: 37.133 | E413: 18.6153 | F413: 0 | G413: 41.7747 | H413: 0 | I413: 0 | J413: 97.523 | K413: 55.7483
A414: E9170 | B414: Cavalo mecânico com dois dollys pneumáticos de 3 e 4 eixos e mesas de giro com capacidade de 77 t - 323 kW | J414: 586.645 | K414: 220.0839
A415: A9385 | B415: Conjunto de duas mesas de giro para quinta roda ou reboque com capacidade de 100 t cada | C415: 297384.48 | D415: 19.8256 | E415: 9.9388 | F415: 0 | G415: 22.3038 | H415: 0 | I415: 0 | J415: 52.0682 | K415: 29.7644
A416: A9386 | B416: Cavalo mecânico estradeiro 6 x 4, CMT 123.000 kg - 323 kW - Motorista de veículo especial | C416: 999487.79 | D416: 42.8352 | E416: 17.6195 | F416: 7.1392 | G416: 64.2528 | H416: 206.0585 | I416: 24.0447 | J416: 361.9499 | K416: 91.6386
A417: A9387 | B417: Dolly pneumático com capacidade de 28,5 t e 3 eixos | C417: 428950.7 | D417: 28.5967 | E417: 14.3359 | F417: 0 | G417: 32.1713 | H417: 0 | I417: 0 | J417: 75.1039 | K417: 42.9326
A418: A9389 | B418: Dolly pneumático com capacidade de 48 t e 4 eixos | C418: 556995.69 | D418: 37.133 | E418: 18.6153 | F418: 0 | G418: 41.7747 | H418: 0 | I418: 0 | J418: 97.523 | K418: 55.7483
A419: E9171 | B419: Cavalo mecânico com dois dollys pneumáticos de 4 e 5 eixos e mesas de giro com capacidade de 111 t - 440 kW | J419: 1191.6674 | K419: 494.6393
A420: A9325 | B420: Cavalo mecânico 8 x 8, PBT 26.000 kg - 440 kW - Motorista de veículo especial | C420: 4680239.9 | D420: 200.5817 | E420: 82.5059 | F420: 33.4303 | G420: 300.8726 | H420: 280.6989 | I420: 24.0447 | J420: 922.1341 | K420: 340.5626
A421: A9385 | B421: Conjunto de duas mesas de giro para quinta roda ou reboque com capacidade de 100 t cada | C421: 297384.48 | D421: 19.8256 | E421: 9.9388 | F421: 0 | G421: 22.3038 | H421: 0 | I421: 0 | J421: 52.0682 | K421: 29.7644
A422: A9388 | B422: Dolly pneumático com capacidade de 60 t e 5 eixos | C422: 685040.68 | D422: 45.6694 | E422: 22.8946 | F422: 0 | G422: 51.3781 | H422: 0 | I422: 0 | J422: 119.9421 | K422: 68.564
A423: A9389 | B423: Dolly pneumático com capacidade de 48 t e 4 eixos | C423: 556995.69 | D423: 37.133 | E423: 18.6153 | F423: 0 | G423: 41.7747 | H423: 0 | I423: 0 | J423: 97.523 | K423: 55.7483
A424: E9199 | B424: Caminhão com sistema de hidrojateamento de alta pressão e vácuo para limpeza e desobstrução de bueiros com capacidade total de 15.600 l - 188 kW | J424: 308.9935 | K424: 89.4557
A425: A9299 | B425: Equipamento com sistema de hidrojateamento de alta pressão e vácuo para limpeza e desobstrução de bueiros com diâmetro de até 1.500 mm com capacidade total de 15.600 l | C425: 382209.94 | D425: 15.2884 | E425: 6.4851 | F425: 0 | G425: 15.2884 | H425: 0 | I425: 0 | J425: 37.0619 | K425: 21.7735
A426: A9313 | B426: Caminhão plataforma 6 x 2, PBT 23.000 kg e distância entre eixos 5,4 m - 188 kW - Motorista de veículo especial | C426: 645252.64 | D426: 27.6537 | E426: 11.3749 | F426: 4.6089 | G426: 41.4805 | H426: 162.7689 | I426: 24.0447 | J426: 271.9316 | K426: 67.6822
A427: E9201 | B427: Caminhão basculante para rocha com capacidade de 12 m³ - 188 kW com periculosidade | J427: 260.3142 | K427: 86.8269
A428: A9327 | B428: Caminhão plataforma 8 x 2 PBT 29.000 kg e distância entre eixos 4,8 m - 188 kW - Motorista de veículo especial com periculosidade | C428: 613515.83 | D428: 26.2935 | E428: 10.8154 | F428: 4.3823 | G428: 39.4403 | H428: 119.935 | I428: 29.7442 | J428: 230.6107 | K428: 71.2354
A429: A9343 | B429: Caçamba basculante para rocha com capacidade de 12 m³ | C429: 166207.9 | D429: 12.544 | E429: 3.0475 | F429: 0 | G429: 14.112 | H429: 0 | I429: 0 | J429: 29.7035 | K429: 15.5915
A430: E9202 | B430: Plataforma pantográfica montada em caminhão - 115 kW com periculosidade | J430: 273.1997 | K430: 117.6113
A431: A9300 | B431: Caminhão plataforma 4 x 2, PBT 8.300 kg e distância entre eixos 3,7 m - 115 kW - Motorista de veículo especial com periculosidade | C431: 357769.68 | D431: 15.333 | E431: 6.307 | F431: 2.5555 | G431: 22.9995 | H431: 99.5661 | I431: 29.7442 | J431: 176.5053 | K431: 53.9397
A432: A9383 | B432: Plataforma pantográfica hidráulica montada sobre chassi com capacidade de 600 kg - com periculosidade | C432: 495341.58 | D432: 33.0228 | E432: 8.9141 | F432: 0 | G432: 33.0228 | H432: 0 | I432: 21.7347 | J432: 96.6944 | K432: 63.6716
A433: E9506 | B433: Caminhão basculante com capacidade de 6 m³ - 136 kW | J433: 160.8436 | K433: 60.6439
A434: A9307 | B434: Caminhão plataforma 4 x 2, PBT 16.000 kg e distância entre eixos 3,6 m - 136 kW - Motorista de caminhão | C434: 523110.26 | D434: 22.419 | E434: 9.2217 | F434: 3.7365 | G434: 33.6285 | H434: 61.9725 | I434: 20.1859 | J434: 151.1641 | K434: 55.5631
A435: A9338 | B435: Caçamba basculante com capacidade de 6 m³ | C435: 54162 | D435: 4.0877 | E435: 0.9931 | F435: 0 | G435: 4.5987 | H435: 0 | I435: 0 | J435: 9.6795 | K435: 5.0808
A436: E9508 | B436: Caminhão carroceria com capacidade de 9 t - 136 kW | J436: 157.5406 | K436: 59.063
A437: A9309 | B437: Caminhão plataforma 4 x 2, PBT 16.000 kg e distância entre eixos 4,8 m - 136 kW - Motorista de caminhão | C437: 532796.5 | D437: 22.8341 | E437: 9.3924 | F437: 3.8057 | G437: 34.2512 | H437: 61.9725 | I437: 20.1859 | J437: 152.4418 | K437: 56.2181
A438: A9350 | B438: Carroceria de madeira com capacidade de 9 t | C438: 32681.327 | D438: 2.2539 | E438: 0.591 | F438: 0 | G438: 2.2539 | H438: 0 | I438: 0 | J438: 5.0988 | K438: 2.8449
A439: E9509 | B439: Caminhão tanque distribuidor de asfalto com capacidade de 6.000 l - 7 kW/136 kW | J439: 227.4464 | K439: 63.902
A440: A9323 | B440: Caminhão plataforma 4 x 2, PBT 14.300 kg e distância entre eixos 4,8 m - 136 kW - condição de trabalho severa - Motorista de caminhão | C440: 494579.28 | D440: 21.1963 | E440: 8.7187 | F440: 3.5327 | G440: 31.7944 | H440: 117.7477 | I440: 20.1859 | J440: 203.1757 | K440: 53.6336
A441: A9363 | B441: Tanque espargidor de asfalto com capacidade de 6.000 l - 7 kW | C441: 190570 | D441: 7.6228 | E441: 2.6456 | F441: 0 | G441: 7.6228 | H441: 6.3795 | I441: 0 | J441: 24.2707 | K441: 10.2684
A442: E9520 | B442: Caminhão com caçamba térmica com capacidade de 6 m³ - 188 kW | J442: 238.3012 | K442: 70.9806
A443: A9311 | B443: Caminhão plataforma 6 x 2, PBT 23.000 kg e distância entre eixos 4,8 m - 188 kW - Motorista de caminhão | C443: 636007.51 | D443: 27.2575 | E443: 11.2119 | F443: 4.5429 | G443: 40.8862 | H443: 119.935 | I443: 20.1859 | J443: 224.0194 | K443: 63.1982
A444: A9339 | B444: Caçamba térmica com capacidade de 6 m³ | C444: 115545.6 | D444: 5.7773 | E444: 2.0051 | F444: 0 | G444: 6.4994 | H444: 0 | I444: 0 | J444: 14.2818 | K444: 7.7824
A445: E9571 | B445: Caminhão tanque com capacidade de 10.000 l - 188 kW | J445: 281.9109 | K445: 71.5997
A446: A9332 | B446: Caminhão plataforma 6 x 2, PBT 23.000 kg e distância entre eixos 4,8 m - 188 kW - condição de trabalho severa - Motorista de caminhão | C446: 636007.51 | D446: 27.2575 | E446: 11.2119 | F446: 4.5429 | G446: 40.8862 | H446: 162.7689 | I446: 20.1859 | J446: 266.8533 | K446: 63.1982
A447: A9360 | B447: Tanque para transporte de água com capacidade de 10.000 l | C447: 96513.405 | D447: 6.6561 | E447: 1.7454 | F447: 0 | G447: 6.6561 | H447: 0 | I447: 0 | J447: 15.0576 | K447: 8.4015
A448: E9575 | B448: Caminhão basculante com caçamba estanque com capacidade de 14 m³ - 188 kW | J448: 237.602 | K448: 72.1973
A449: A9317 | B449: Caminhão plataforma 8 x 2, PBT 29.000 kg e distância entre eixos 4,8 m - 188 kW - Motorista de veículo especial | C449: 613515.83 | D449: 26.2935 | E449: 10.8154 | F449: 4.3823 | G449: 39.4403 | H449: 119.935 | I449: 24.0447 | J449: 224.9112 | K449: 65.5359
A450: A9345 | B450: Caçamba basculante estanque com capacidade de 14 m³ | C450: 71012.4 | D450: 5.3594 | E450: 1.302 | F450: 0 | G450: 6.0294 | H450: 0 | I450: 0 | J450: 12.6908 | K450: 6.6614
...

Sheet Sicro_Eq_On
A1: CGCIT | B1: SISTEMA DE CUSTOS REFERENCIAIS DE OBRAS - SICRO | K1: DNIT
B2: Rio Grande do Sul - Janeiro/2022
A3: Código | B3: Descrição | C3: Valor de Aquisição (R$) | D3: Depreciação (R$/h) | E3: Oportunidade de Capital (R$/h) | F3: Seguros e Impostos (R$/h) | G3: Manutenção (R$/h) | H3: Operação (R$/h) | I3: Mão de Obra de Operação (R$/h) | J3: Custo Produtivo (R$/h) | K3: Custo Improdutivo (R$/h)
A4: E9001 | B4: Conjunto vibratório para tubos de concreto com encaixe PB e 3 jogos de fôrmas - D = 0,60 m - 2,20 kW | C4: 59059.787 | D4: 7.8746 | E4: 1.822 | F4: 0 | G4: 5.906 | H4: 0 | I4: 0 | J4: 15.6026 | K4: 9.6966
A5: E9002 | B5: Conjunto vibratório para tubos de concreto com encaixe PB e 3 jogos de fôrmas - D = 0,80 m - 2,20 kW | C5: 64017.5 | D5: 8.5357 | E5: 1.9749 | F5: 0 | G5: 6.4018 | H5: 0 | I5: 0 | J5: 16.9124 | K5: 10.5106
A6: E9003 | B6: Conjunto vibratório para tubos de concreto com encaixe PB e 3 jogos de fôrmas - D = 1,00 m - 2,20 kW | C6: 70202.733 | D6: 9.3604 | E6: 2.1658 | F6: 0 | G6: 7.0203 | H6: 0 | I6: 0 | J6: 18.5465 | K6: 11.5262
A7: E9004 | B7: Conjunto vibratório para tubos de concreto com encaixe PB e 3 jogos de fôrmas - D = 1,20 m - 2,20 kW | C7: 70602.453 | D7: 9.4137 | E7: 2.1781 | F7: 0 | G7: 7.0602 | H7: 0 | I7: 0 | J7: 18.652 | K7: 11.5918
A8: E9005 | B8: Conjunto vibratório para tubos de concreto com encaixe PB e 3 jogos de fôrmas - D = 1,50 m - 2,20 kW | C8: 73271.673 | D8: 9.7696 | E8: 2.2604 | F8: 0 | G8: 7.3272 | H8: 0 | I8: 0 | J8: 19.3572 | K8: 12.03
A9: E9006 | B9: Equipamento para sondagem manual | C9: 2128.4563 | D9: 0.3618 | E9: 0.0788 | F9: 0 | G9: 0.2128 | H9: 0 | I9: 0 | J9: 0.6534 | K9: 0.4406
A10: E9007 | B10: Bomba de pistão triplex com capacidade de 7,80 m³/h (130 l/min) - 8,20 kW | C10: 67022.628 | D10: 5.3618 | E10: 1.2406 | F10: 0 | G10: 4.6916 | H10: 7.0995 | I10: 0 | J10: 18.3935 | K10: 6.6024
A11: E9008 | B11: Transportador manual de tubos de concreto com capacidade de 1 t | C11: 2133.2097 | D11: 1.9199 | E11: 0.1316 | F11: 0 | G11: 1.0666 | H11: 0 | I11: 0 | J11: 3.1181 | K11: 2.0515
A12: E9009 | B12: Embarcação rebocadora - 268 kW | C12: 626819.01 | D12: 8.1617 | E12: 3.6369 | F12: 0 | G12: 18.1371 | H12: 232.0323 | I12: 120.8903 | J12: 382.8583 | K12: 132.6889
A13: E9010 | B13: Balança plataforma digital com mesa de 75 x 75 cm com capacidade de 500 kg | C13: 6062.5592 | D13: 0.9094 | E13: 0.1247 | F13: 0 | G13: 0.5052 | H13: 0 | I13: 0 | J13: 1.5393 | K13: 1.0341
A14: E9011 | B14: Carro manual modelo plataforma de 200 x 80 cm com capacidade de 800 kg | C14: 1795.991 | D14: 0.3233 | E14: 0.0665 | F14: 0 | G14: 0.1796 | H14: 0 | I14: 0 | J14: 0.5694 | K14: 0.3898
A15: E9014 | B15: Deflectômetro de impacto (FWD) instalado em picape com reboque e faixa de carga de 7 a 120 kN - 147 kW | C15: 2103765.6 | D15: 168.3012 | E15: 38.9407 | F15: 0 | G15: 105.1883 | H15: 0 | I15: 27.0599 | J15: 339.4901 | K15: 234.3018
... A366: E9798 | B366: Perfuratriz hidráulica rotopercussiva - 123 kW | C366: 1745573.3 | D366: 116.3716 | E366: 31.413 | F366: 0 | G366: 116.3716 | H366: 84.073 | I366: 26.4046 | J366: 374.6338 | K366: 174.1892
A367: E9013 | B367: Caminhão tanque de asfalto com capacidade de 31.000 l - 265 kW | J367: 379.4992 | K367: 89.4022
A368: A9335 | B368: Cavalo mecânico estradeiro 6 x 2, PBT 23.000 kg - 265 kW - condição de trabalho severa - Motorista de caminhão | C368: 785747.6 | D368: 33.6749 | E368: 13.8516 | F368: 5.6125 | G368: 50.5123 | H368: 229.4349 | I368: 22.5908 | J368: 355.677 | K368: 75.7298
A369: A9364 | B369: Tanque isotérmico de asfalto com capacidade de 31.000 l | C369: 253743.95 | D369: 10.1498 | E369: 3.5226 | F369: 0 | G369: 10.1498 | H369: 0 | I369: 0 | J369: 23.8222 | K369: 13.6724
A370: E9018 | B370: Cavalo mecânico com dolly intermediário e semirreboque de 4 eixos com capacidade de 53 t - 323 kW | J370: 453.9474 | K370: 146.194
A371: A9324 | B371: Cavalo mecânico estradeiro 6 x 4, PBT 23.000 kg - 323 kW - Motorista de veículo especial | C371: 912826.18 | D371: 39.1211 | E371: 16.0918 | F371: 6.5202 | G371: 58.6817 | H371: 206.0585 | I371: 27.0599 | J371: 353.5332 | K371: 88.793
A372: A9355 | B372: Semirreboque com 4 eixos | C372: 476098.8 | D372: 31.7399 | E372: 15.9116 | F372: 0 | G372: 35.7074 | H372: 0 | I372: 0 | J372: 83.3589 | K372: 47.6515
A373: A9382 | B373: Dolly intermediário com 2 eixos para semirreboque | C373: 97410.417 | D373: 6.494 | E373: 3.2555 | F373: 0 | G373: 7.3058 | H373: 0 | I373: 0 | J373: 17.0553 | K373: 9.7495
A374: E9027 | B374: Caminhão distribuidor de cimento e cal com capacidade de 17 m³ - 210 kW | J374: 364.9247 | K374: 105.8143
A375: A9333 | B375: Caminhão plataforma 8 x 2, PBTC 36.000 kg e distância entre eixos 4,8 m - 210 kW - Motorista de caminhão | C375: 640003.36 | D375: 27.4287 | E375: 11.2823 | F375: 4.5715 | G375: 41.1431 | H375: 181.8163 | I375: 22.5908 | J375: 288.8327 | K375: 65.8733
A376: A9365 | B376: Distribuidor de cimento montado sobre chassi com capacidade de 17 m³ | C376: 425778.07 | D376: 32.1342 | E376: 7.8068 | F376: 0 | G376: 36.151 | H376: 0 | I376: 0 | J376: 76.092 | K376: 39.941
A377: E9037 | B377: Plataforma de inspeção sob pontes montada em caminhão com capacidade de 500 kg e alcance de 15 m - 188 kW | J377: 618.3282 | K377: 264.6601
A378: A9334 | B378: Caminhão plataforma 8 x 2, PBT 29.000 kg e distância entre eixos 4,8 m - 188 kW - condição de trabalho severa - Motorista de veículo especial | C378: 613515.83 | D378: 26.2935 | E378: 10.8154 | F378: 4.3823 | G378: 39.4403 | H378: 162.7689 | I378: 27.0599 | J378: 270.7603 | K378: 68.5511
A379: A9378 | B379: Plataforma telescópica para inspeção de pontes montada sobre chassi com capacidade de 500 kg | C379: 2356027.7 | D379: 134.6302 | E379: 41.5334 | F379: 0 | G379: 151.4589 | H379: 0 | I379: 19.9454 | J379: 347.5679 | K379: 196.109
A380: E9041 | B380: Caminhão carroceria com guindauto com capacidade de 45 t.m - 188 kW | J380: 349.4442 | K380: 121.0805
A381: A9313 | B381: Caminhão plataforma 6 x 2, PBT 23.000 kg e distância entre eixos 5,4 m - 188 kW - Motorista de veículo especial | C381: 645252.64 | D381: 27.6537 | E381: 11.3749 | F381: 4.6089 | G381: 41.4805 | H381: 162.7689 | I381: 27.0599 | J381: 274.9468 | K381: 70.6974
A382: A9351 | B382: Carroceria de madeira com capacidade de 11 t | C382: 35215.586 | D382: 2.4287 | E382: 0.6369 | F382: 0 | G382: 2.4287 | H382: 0 | I382: 0 | J382: 5.4943 | K382: 3.0656
A383: A9373 | B383: Guindaste articulado montado sobre chassi com capacidade de 45 t.m | C383: 314440.5 | D383: 21.6856 | E383: 5.6865 | F383: 0 | G383: 21.6856 | H383: 0 | I383: 19.9454 | J383: 69.0031 | K383: 47.3175
A384: E9082 | B384: Bate-estaca hidráulico para defensas montado em caminhão guindauto com capacidade de 20 t.m e carroceria de 4 t - 136 kW | J384: 303.5493 | K384: 129.4224
A385: A9323 | B385: Caminhão plataforma 4 x 2, PBT 14.300 kg e distância entre eixos 4,8 m - 136 kW - condição de trabalho severa - Motorista de caminhão | C385: 494579.28 | D385: 21.1963 | E385: 8.7187 | F385: 3.5327 | G385: 31.7944 | H385: 117.7477 | I385: 22.5908 | J385: 205.5806 | K385: 56.0385
A386: A9347 | B386: Carroceria de madeira com capacidade de 4 t | C386: 17692.92 | D386: 1.2202 | E386: 0.32 | F386: 0 | G386: 1.2202 | H386: 0 | I386: 0 | J386: 2.7604 | K386: 1.5402
A387: A9372 | B387: Guindaste articulado montado sobre chassi com capacidade de 20 t.m | C387: 179777.8 | D387: 12.3985 | E387: 3.2512 | F387: 0 | G387: 12.3985 | H387: 0 | I387: 19.9454 | J387: 47.9936 | K387: 35.5951
A388: A9379 | B388: Bate-estaca hidráulico para defensas metálicas montada sobre chassi | C388: 205615 | D388: 11.6515 | E388: 4.6517 | F388: 0 | G388: 10.9661 | H388: 0 | I388: 19.9454 | J388: 47.2147 | K388: 36.2486
A389: E9097 | B389: Caminhão de resgate de veículos leves com plataforma com capacidade de 4 t - 115 kW | J389: 186.3366 | K389: 57.9057
A390: A9326 | B390: Caminhão plataforma 4 x 2 PBT 9.600 kg e distância entre eixos 3,7 m - 115 kW - Motorista de veículo especial | C390: 381805.81 | D390: 16.3631 | E390: 6.7307 | F390: 2.7272 | G390: 24.5447 | H390: 99.5661 | I390: 27.0599 | J390: 176.9917 | K390: 52.8809
A391: A9374 | B391: Plataforma hidráulica para resgate de veículos montada sobre chassi com capacidade de 4 t | C391: 67201 | D391: 3.8401 | E391: 1.1847 | F391: 0 | G391: 4.3201 | H391: 0 | I391: 0 | J391: 9.3449 | K391: 5.0248
A392: E9098 | B392: Caminhão de resgate de veículos de porte médio com capacidade do guincho de 20 t - 136 kW | J392: 251.6114 | K392: 91.9819
A393: A9306 | B393: Caminhão plataforma 4 x 2, PBT 16.000 kg e distância entre eixos 3,6 m - 136 kW - Motorista de veículo especial | C393: 523110.26 | D393: 22.419 | E393: 9.2217 | F393: 3.7365 | G393: 33.6285 | H393: 117.7477 | I393: 27.0599 | J393: 213.8133 | K393: 62.4371
A394: A9375 | B394: Guincho rebocador para resgate de veículos montada sobre chassi com capacidade de 20 t | C394: 128384 | D394: 7.3362 | E394: 2.2632 | F394: 0 | G394: 8.2533 | H394: 0 | I394: 19.9454 | J394: 37.7981 | K394: 29.5448
A395: E9099 | B395: Caminhão de resgate de veículos pesados com dois guinchos com capacidade de 35 t - 240 kW | J395: 422.783 | K395: 134.6987
A396: A9320 | B396: Caminhão plataforma 6 x 2, PBT 23.000 kg e distância entre eixos 4,8 m - 240 kW - Motorista de veículo especial | C396: 797670.18 | D396: 34.1859 | E396: 14.0618 | F396: 5.6976 | G396: 51.2788 | H396: 207.7901 | I396: 27.0599 | J396: 340.0741 | K396: 81.0052
A397: A9376 | B397: Guincho rebocador para resgate de veículos montada sobre chassi com capacidade de 35 t | C397: 451350 | D397: 25.7914 | E397: 7.9567 | F397: 0 | G397: 29.0154 | H397: 0 | I397: 19.9454 | J397: 82.7089 | K397: 53.6935
A398: E9100 | B398: Cavalo mecânico sem reboque - 210 kW | J398: 228.1822 | K398: 59.309
A399: A9310 | B399: Cavalo mecânico 4 x 2, PBT 16.000 kg - 210 kW - Motorista de caminhão | C399: 542939.78 | D399: 23.2688 | E399: 9.5713 | F399: 3.8781 | G399: 34.9033 | H399: 133.9699 | I399: 22.5908 | J399: 228.1822 | K399: 59.309
A400: E9114 | B400: Painel com seta luminosa para montagem em caminhão | J400: 5.3867 | K400: 3.6875
A401: A9380 | B401: Painel com seta luminosa montado sobre chassi | C401: 33983.354 | D401: 3.0585 | E401: 0.629 | F401: 0 | G401: 1.6992 | H401: 0 | I401: 0 | J401: 5.3867 | K401: 3.6875
A402: E9115 | B402: Amortecedor retrátil (AMC) para montagem em caminhão | J402: 45.0902 | K402: 24.6473
A403: A9381 | B403: Amortecedor retrátil montado em caminhão | C403: 227143.73 | D403: 20.4429 | E403: 4.2044 | F403: 0 | G403: 20.4429 | H403: 0 | I403: 0 | J403: 45.0902 | K403: 24.6473
A404: E9145 | B404: Caminhão basculante para concreto com capacidade de 7 m³ - 188 kW | J404: 231.514 | K404: 68.3161
A405: A9316 | B405: Caminhão plataforma 8 x 2, PBT 29.000 kg e distância entre eixos 4,8 m - 188 kW - Motorista de caminhão | C405: 610318.44 | D405: 26.1565 | E405: 10.759 | F405: 4.3594 | G405: 39.2348 | H405: 119.935 | I405: 22.5908 | J405: 223.0355 | K405: 63.8657
A406: A9340 | B406: Caçamba basculante para concreto com capacidade de 7 m³ | C406: 47441.9 | D406: 3.5805 | E406: 0.8699 | F406: 0 | G406: 4.0281 | H406: 0 | I406: 0 | J406: 8.4785 | K406: 4.4504
A407: E9146 | B407: Caminhão silo com capacidade de 30 m³ - 265 kW | J407: 398.71 | K407: 99.7404
A408: A9335 | B408: Cavalo mecânico estradeiro 6 x 2, PBT 23.000 kg - 265 kW - condição de trabalho severa - Motorista de caminhão | C408: 785747.6 | D408: 33.6749 | E408: 13.8516 | F408: 5.6125 | G408: 50.5123 | H408: 229.4349 | I408: 22.5908 | J408: 355.677 | K408: 75.7298
A409: A9357 | B409: Semirreboque silo para cimento com capacidade de 30 m³ | C409: 275825 | D409: 19.0224 | E409: 4.9882 | F409: 0 | G409: 19.0224 | H409: 0 | I409: 0 | J409: 43.033 | K409: 24.0106
A410: E9169 | B410: Cavalo mecânico com dolly pneumático de 4 eixos e mesas de giro com capacidade de 57 t - 323 kW | J410: 503.1244 | K410: 174.3057
A411: A9324 | B411: Cavalo mecânico estradeiro 6 x 4, PBT 23.000 kg - 323 kW - Motorista de veículo especial | C411: 912826.18 | D411: 39.1211 | E411: 16.0918 | F411: 6.5202 | G411: 58.6817 | H411: 206.0585 | I411: 27.0599 | J411: 353.5332 | K411: 88.793
A412: A9385 | B412: Conjunto de duas mesas de giro para quinta roda ou reboque com capacidade de 100 t cada | C412: 297384.48 | D412: 19.8256 | E412: 9.9388 | F412: 0 | G412: 22.3038 | H412: 0 | I412: 0 | J412: 52.0682 | K412: 29.7644
A413: A9389 | B413: Dolly pneumático com capacidade de 48 t e 4 eixos | C413: 556995.69 | D413: 37.133 | E413: 18.6153 | F413: 0 | G413: 41.7747 | H413: 0 | I413: 0 | J413: 97.523 | K413: 55.7483
A414: E9170 | B414: Cavalo mecânico com dois dollys pneumáticos de 3 e 4 eixos e mesas de giro com capacidade de 77 t - 323 kW | J414: 589.6602 | K414: 223.0991
A415: A9385 | B415: Conjunto de duas mesas de giro para quinta roda ou reboque com capacidade de 100 t cada | C415: 297384.48 | D415: 19.8256 | E415: 9.9388 | F415: 0 | G415: 22.3038 | H415: 0 | I415: 0 | J415: 52.0682 | K415: 29.7644
A416: A9386 | B416: Cavalo mecânico estradeiro 6 x 4, CMT 123.000 kg - 323 kW - Motorista de veículo especial | C416: 999487.79 | D416: 42.8352 | E416: 17.6195 | F416: 7.1392 | G416: 64.2528 | H416: 206.0585 | I416: 27.0599 | J416: 364.9651 | K416: 94.6538
A417: A9387 | B417: Dolly pneumático com capacidade de 28,5 t e 3 eixos | C417: 428950.7 | D417: 28.5967 | E417: 14.3359 | F417: 0 | G417: 32.1713 | H417: 0 | I417: 0 | J417: 75.1039 | K417: 42.9326
A418: A9389 | B418: Dolly pneumático com capacidade de 48 t e 4 eixos | C418: 556995.69 | D418: 37.133 | E418: 18.6153 | F418: 0 | G418: 41.7747 | H418: 0 | I418: 0 | J418: 97.523 | K418: 55.7483
A419: E9171 | B419: Cavalo mecânico com dois dollys pneumáticos de 4 e 5 eixos e mesas de giro com capacidade de 111 t - 440 kW | J419: 1194.6826 | K419: 497.6545
A420: A9325 | B420: Cavalo mecânico 8 x 8, PBT 26.000 kg - 440 kW - Motorista de veículo especial | C420: 4680239.9 | D420: 200.5817 | E420: 82.5059 | F420: 33.4303 | G420: 300.8726 | H420: 280.6989 | I420: 27.0599 | J420: 925.1493 | K420: 343.5778
A421: A9385 | B421: Conjunto de duas mesas de giro para quinta roda ou reboque com capacidade de 100 t cada | C421: 297384.48 | D421: 19.8256 | E421: 9.9388 | F421: 0 | G421: 22.3038 | H421: 0 | I421: 0 | J421: 52.0682 | K421: 29.7644
A422: A9388 | B422: Dolly pneumático com capacidade de 60 t e 5 eixos | C422: 685040.68 | D422: 45.6694 | E422: 22.8946 | F422: 0 | G422: 51.3781 | H422: 0 | I422: 0 | J422: 119.9421 | K422: 68.564
A423: A9389 | B423: Dolly pneumático com capacidade de 48 t e 4 eixos | C423: 556995.69 | D423: 37.133 | E423: 18.6153 | F423: 0 | G423: 41.7747 | H423: 0 | I423: 0 | J423: 97.523 | K423: 55.7483
A424: E9199 | B424: Caminhão com sistema de hidrojateamento de alta pressão e vácuo para limpeza e desobstrução de bueiros com capacidade total de 15.600 l - 188 kW | J424: 312.0087 | K424: 92.4709
A425: A9299 | B425: Equipamento com sistema de hidrojateamento de alta pressão e vácuo para limpeza e desobstrução de bueiros com diâmetro de até 1.500 mm com capacidade total de 15.600 l | C425: 382209.94 | D425: 15.2884 | E425: 6.4851 | F425: 0 | G425: 15.2884 | H425: 0 | I425: 0 | J425: 37.0619 | K425: 21.7735
A426: A9313 | B426: Caminhão plataforma 6 x 2, PBT 23.000 kg e distância entre eixos 5,4 m - 188 kW - Motorista de veículo especial | C426: 645252.64 | D426: 27.6537 | E426: 11.3749 | F426: 4.6089 | G426: 41.4805 | H426: 162.7689 | I426: 27.0599 | J426: 274.9468 | K426: 70.6974
A427: E9201 | B427: Caminhão basculante para rocha com capacidade de 12 m³ - 188 kW com periculosidade | J427: 264.2307 | K427: 90.7434
A428: A9327 | B428: Caminhão plataforma 8 x 2 PBT 29.000 kg e distância entre eixos 4,8 m - 188 kW - Motorista de veículo especial com periculosidade | C428: 613515.83 | D428: 26.2935 | E428: 10.8154 | F428: 4.3823 | G428: 39.4403 | H428: 119.935 | I428: 33.6607 | J428: 234.5272 | K428: 75.1519
A429: A9343 | B429: Caçamba basculante para rocha com capacidade de 12 m³ | C429: 166207.9 | D429: 12.544 | E429: 3.0475 | F429: 0 | G429: 14.112 | H429: 0 | I429: 0 | J429: 29.7035 | K429: 15.5915
A430: E9202 | B430: Plataforma pantográfica montada em caminhão - 115 kW com periculosidade | J430: 279.7334 | K430: 124.145
A431: A9300 | B431: Caminhão plataforma 4 x 2, PBT 8.300 kg e distância entre eixos 3,7 m - 115 kW - Motorista de veículo especial com periculosidade | C431: 357769.68 | D431: 15.333 | E431: 6.307 | F431: 2.5555 | G431: 22.9995 | H431: 99.5661 | I431: 33.6607 | J431: 180.4218 | K431: 57.8562
A432: A9383 | B432: Plataforma pantográfica hidráulica montada sobre chassi com capacidade de 600 kg - com periculosidade | C432: 495341.58 | D432: 33.0228 | E432: 8.9141 | F432: 0 | G432: 33.0228 | H432: 0 | I432: 24.3519 | J432: 99.3116 | K432: 66.2888
A433: E9506 | B433: Caminhão basculante com capacidade de 6 m³ - 136 kW | J433: 163.2485 | K433: 63.0488
A434: A9307 | B434: Caminhão plataforma 4 x 2, PBT 16.000 kg e distância entre eixos 3,6 m - 136 kW - Motorista de caminhão | C434: 523110.26 | D434: 22.419 | E434: 9.2217 | F434: 3.7365 | G434: 33.6285 | H434: 61.9725 | I434: 22.5908 | J434: 153.569 | K434: 57.968
A435: A9338 | B435: Caçamba basculante com capacidade de 6 m³ | C435: 54162 | D435: 4.0877 | E435: 0.9931 | F435: 0 | G435: 4.5987 | H435: 0 | I435: 0 | J435: 9.6795 | K435: 5.0808
A436: E9508 | B436: Caminhão carroceria com capacidade de 9 t - 136 kW | J436: 159.9455 | K436: 61.4679
A437: A9309 | B437: Caminhão plataforma 4 x 2, PBT 16.000 kg e distância entre eixos 4,8 m - 136 kW - Motorista de caminhão | C437: 532796.5 | D437: 22.8341 | E437: 9.3924 | F437: 3.8057 | G437: 34.2512 | H437: 61.9725 | I437: 22.5908 | J437: 154.8467 | K437: 58.623
A438: A9350 | B438: Carroceria de madeira com capacidade de 9 t | C438: 32681.327 | D438: 2.2539 | E438: 0.591 | F438: 0 | G438: 2.2539 | H438: 0 | I438: 0 | J438: 5.0988 | K438: 2.8449
A439: E9509 | B439: Caminhão tanque distribuidor de asfalto com capacidade de 6.000 l - 7 kW/136 kW | J439: 229.8513 | K439: 66.3069
A440: A9323 | B440: Caminhão plataforma 4 x 2, PBT 14.300 kg e distância entre eixos 4,8 m - 136 kW - condição de trabalho severa - Motorista de caminhão | C440: 494579.28 | D440: 21.1963 | E440: 8.7187 | F440: 3.5327 | G440: 31.7944 | H440: 117.7477 | I440: 22.5908 | J440: 205.5806 | K440: 56.0385
A441: A9363 | B441: Tanque espargidor de asfalto com capacidade de 6.000 l - 7 kW | C441: 190570 | D441: 7.6228 | E441: 2.6456 | F441: 0 | G441: 7.6228 | H441: 6.3795 | I441: 0 | J441: 24.2707 | K441: 10.2684
A442: E9520 | B442: Caminhão com caçamba térmica com capacidade de 6 m³ - 188 kW | J442: 240.7061 | K442: 73.3855
A443: A9311 | B443: Caminhão plataforma 6 x 2, PBT 23.000 kg e distância entre eixos 4,8 m - 188 kW - Motorista de caminhão | C443: 636007.51 | D443: 27.2575 | E443: 11.2119 | F443: 4.5429 | G443: 40.8862 | H443: 119.935 | I443: 22.5908 | J443: 226.4243 | K443: 65.6031
A444: A9339 | B444: Caçamba térmica com capacidade de 6 m³ | C444: 115545.6 | D444: 5.7773 | E444: 2.0051 | F444: 0 | G444: 6.4994 | H444: 0 | I444: 0 | J444: 14.2818 | K444: 7.7824
A445: E9571 | B445: Caminhão tanque com capacidade de 10.000 l - 188 kW | J445: 284.3158 | K445: 74.0046
A446: A9332 | B446: Caminhão plataforma 6 x 2, PBT 23.000 kg e distância entre eixos 4,8 m - 188 kW - condição de trabalho severa - Motorista de caminhão | C446: 636007.51 | D446: 27.2575 | E446: 11.2119 | F446: 4.5429 | G446: 40.8862 | H446: 162.7689 | I446: 22.5908 | J446: 269.2582 | K446: 65.6031
A447: A9360 | B447: Tanque para transporte de água com capacidade de 10.000 l | C447: 96513.405 | D447: 6.6561 | E447: 1.7454 | F447: 0 | G447: 6.6561 | H447: 0 | I447: 0 | J447: 15.0576 | K447: 8.4015
A448: E9575 | B448: Caminhão basculante com caçamba estanque com capacidade de 14 m³ - 188 kW | J448: 240.6172 | K448: 75.2125
A449: A9317 | B449: Caminhão plataforma 8 x 2, PBT 29.000 kg e distância entre eixos 4,8 m - 188 kW - Motorista de veículo especial | C449: 613515.83 | D449: 26.2935 | E449: 10.8154 | F449: 4.3823 | G449: 39.4403 | H449: 119.935 | I449: 27.0599 | J449: 227.9264 | K449: 68.5511
A450: A9345 | B450: Caçamba basculante estanque com capacidade de 14 m³ | C450: 71012.4 | D450: 5.3594 | E450: 1.302 | F450: 0 | G450: 6.0294 | H450: 0 | I450: 0 | J450: 12.6908 | K450: 6.6614
...

Sheet Sicro_MO_Des
A1: CGCIT | B1: SISTEMA DE CUSTOS REFERENCIAIS DE OBRAS - SICRO | G1: DNIT
A3: Rio Grande do Sul - Janeiro/2022
A4: Com desoneração
A5: Código | B5: Descrição | C5: Unidade | D5: Salário (R$) | E5: Encargos Totais | F5: Custo (R$) | G5: Periculosidade/ Insalubridade
A6: P9801 | B6: Ajudante | C6: h | D6: 6.877 | E6: 1.603744 | F6: 17.9059 | G6: 0
A7: P9802 | B7: Ajudante especializado | C7: h | D7: 8.2525 | E7: 1.574614 | F7: 21.247 | G7: 0
A8: P9803 | B8: Almoxarife | C8: mês | D8: 1884.6059 | E8: 1.040798 | F8: 3846.0999 | G8: 0
A9: P9804 | B9: Apontador | C9: mês | D9: 1771.6868 | E9: 1.085636 | F9: 3695.0937 | G9: 0
A10: P9805 | B10: Armador | C10: h | D10: 10.22 | E10: 1.359671 | F10: 24.1158 | G10: 0
A11: P9806 | B11: Auxiliar administrativo | C11: mês | D11: 1643.6991 | E11: 1.110512 | F11: 3469.0466 | G11: 0
A12: P9807 | B12: Bombeiro hidráulico | C12: h | D12: 11.4344 | E12: 1.37627 | F12: 27.1712 | G12: 0
A13: P9808 | B13: Carpinteiro | C13: h | D13: 8.31 | E13: 1.475844 | F13: 20.5742 | G13: 0
A14: P9809 | B14: Encarregado administrativo | C14: mês | D14: 3996.4564 | E14: 0.740951 | F14: 6957.6347 | G14: 0
A15: P9810 | B15: Eletricista | C15: h | D15: 8.8425 | E15: 1.495401 | F15: 22.0655 | G15: 0
A16: P9811 | B16: Encarregado especializado | C16: mês | D16: 3668.6381 | E16: 0.781306 | F16: 6534.967 | G16: 0
A17: P9812 | B17: Engenheiro | C17: mês | D17: 13314.862 | E17: 0.593843 | F17: 21221.8 | G17: 0
... A115: P9972 | B115: Técnico de batimetria | C115: mês | D115: 1989.9668 | E115: 1.001005 | F115: 3981.9335 | G115: 0

Sheet Sicro_MO_On
A1: CGCIT | B1: SISTEMA DE CUSTOS REFERENCIAIS DE OBRAS - SICRO | G1: DNIT
A3: Rio Grande do Sul - Janeiro/2022
A4: Sem desoneração
A5: Código | B5: Descrição | C5: Unidade | D5: Salário (R$) | E5: Encargos Totais | F5: Custo (R$) | G5: Periculosidade/ Insalubridade
A6: P9801 | B6: Ajudante | C6: h | D6: 6.877 | E6: 1.886408 | F6: 19.8498 | G6: 0
A7: P9802 | B7: Ajudante especializado | C7: h | D7: 8.2525 | E7: 1.857018 | F7: 23.5775 | G7: 0
A8: P9803 | B8: Almoxarife | C8: mês | D8: 1884.6059 | E8: 1.27834 | F8: 4293.773 | G8: 0
A9: P9804 | B9: Apontador | C9: mês | D9: 1771.6868 | E9: 1.321545 | F9: 4113.0506 | G9: 0
A10: P9805 | B10: Armador | C10: h | D10: 10.22 | E10: 1.642224 | F10: 27.0035 | G10: 0
A11: P9806 | B11: Auxiliar administrativo | C11: mês | D11: 1643.6991 | E11: 1.347006 | F11: 3857.7716 | G11: 0
A12: P9807 | B12: Bombeiro hidráulico | C12: h | D12: 11.4344 | E12: 1.659511 | F12: 30.4099 | G12: 0
A13: P9808 | B13: Carpinteiro | C13: h | D13: 8.31 | E13: 1.759738 | F13: 22.9334 | G13: 0
A14: P9809 | B14: Encarregado administrativo | C14: mês | D14: 3996.4564 | E14: 0.981843 | F14: 7920.3491 | G14: 0
A15: P9810 | B15: Eletricista | C15: h | D15: 8.8425 | E15: 1.780717 | F15: 24.5884 | G15: 0
A16: P9811 | B16: Encarregado especializado | C16: mês | D16: 3668.6381 | E16: 1.020642 | F16: 7413.0042 | G16: 0
A17: P9812 | B17: Engenheiro | C17: mês | D17: 13314.862 | E17: 0.83389 | F17: 24417.993 | G17: 0
... A115: P9972 | B115: Técnico de batimetria | C115: mês | D115: 1989.9668 | E115: 1.237905 | F115: 4453.3566 | G115: 0

Sheet Ins_Desonerado
A1: PRECOS DE INSUMOS - BANCO NACIONAL
A3: MES DE COLETA: 06/2024
A4: LOCALIDADE: 3920 - PORTO ALEGRE
A5: ENCARGOS SOCIAIS DESONERADOS (%) HORISTA 83,25 MENSALISTA 46,08
A7: CODIGO | B7: DESCRICAO DO INSUMO | C7: UNIDADE DE MEDIDA | D7: ORIGEM DO PRECO | E7: PRECO MEDIANO R$
A8: 38605 | B8: ABERTURA PARA ENCAIXE DE CUBA OU LAVATORIO EM BANCADA DE MARMORE/ GRANITO OU OUTRO TIPO DE PEDRA NATURAL | C8: UN | D8: CR | E8: 150,51
A9: 11270 | B9: ABRACADEIRA DE LATAO PARA FIXACAO DE CABO PARA-RAIO, DIMENSOES 32 X 24 X 24 MM | C9: UN | D9: AS | E9: 2,73
A10: 412 | B10: ABRACADEIRA DE NYLON PARA AMARRACAO DE CABOS, COMPRIMENTO DE *230* X *7,6* MM | C10: UN | D10: CR | E10: 1,08
A11: 414 | B11: ABRACADEIRA DE NYLON PARA AMARRACAO DE CABOS, COMPRIMENTO DE 100 X 2,5 MM | C11: UN | D11: CR | E11: 0,06
A12: 410 | B12: ABRACADEIRA DE NYLON PARA AMARRACAO DE CABOS, COMPRIMENTO DE 150 X *3,6* MM | C12: UN | D12: CR | E12: 0,16
A13: 411 | B13: ABRACADEIRA DE NYLON PARA AMARRACAO DE CABOS, COMPRIMENTO DE 200 X *4,6* MM | C13: UN | D13: C | E13: 0,21
A14: 408 | B14: ABRACADEIRA DE NYLON PARA AMARRACAO DE CABOS, COMPRIMENTO DE 390 X *4,6* MM | C14: UN | D14: CR | E14: 1,04
A15: 39131 | B15: ABRACADEIRA EM ACO PARA AMARRACAO DE ELETRODUTOS, TIPO D, COM 1 1/2" E CUNHA DE FIXACAO | C15: UN | D15: CR | E15: 5,10
A16: 394 | B16: ABRACADEIRA EM ACO PARA AMARRACAO DE ELETRODUTOS, TIPO D, COM 1 1/2" E PARAFUSO DE FIXACAO | C16: UN | D16: CR | E16: 5,17
A17: 39130 | B17: ABRACADEIRA EM ACO PARA AMARRACAO DE ELETRODUTOS, TIPO D, COM 1 1/4" E CUNHA DE FIXACAO | C17: UN | D17: CR | E17: 4,65
A18: 395 | B18: ABRACADEIRA EM ACO PARA AMARRACAO DE ELETRODUTOS, TIPO D, COM 1 1/4" E PARAFUSO DE FIXACAO | C18: UN | D18: CR | E18: 4,97
A19: 39127 | B19: ABRACADEIRA EM ACO PARA AMARRACAO DE ELETRODUTOS, TIPO D, COM 1/2" E CUNHA DE FIXACAO | C19: UN | D19: CR | E19: 2,45
... A4834: 41096 | B4834: VIGIA DIURNO (MENSALISTA) | C4834: MES | D4834: CR | E4834: 2.751,92
A4836: TOTAL DE INSUMOS : 4827

Sheet Comp_Desonerado
A1: PCI.817.01 - CUSTO DE COMPOSIÇÕES - SINTÉTICO DATA DE EMISSÃO: 13/07/2024 00:17:33 DATA DE RT: 12/07/2024
A2: ENCARGOS SOCIAIS DESONERADOS: 83,25%(HORA) 46,08%(MÊS)
A3: ABRANGÊNCIA : NACIONAL LOCALIDADE : PORTO ALEGRE DATA DE PREÇO : 06/2024 REFERÊNCIA COLETA : MEDIANO
A5: DESCRICAO DA CLASSE | B5: SIGLA DA CLASSE | C5: DESCRICAO DO TIPO 1 | D5: SIGLA DO TIPO 1 | E5: CODIGO DO AGRUPADOR | F5: DESCRICAO DO AGRUPADOR | G5: CODIGO DA COMPOSICAO | H5: DESCRICAO DA COMPOSICAO | I5: UNIDADE | J5: ORIGEM DE PREÇO | K5: CUSTO TOTAL | L5: VINCULO
A7: ASSENTAMENTO DE TUBOS E PECAS | B7: ASTU | C7: FORNEC E/OU ASSENT DE TUBO DE FERRO FUNDIDO JUNTA ELASTICA | D7: 0045 | G7: 97141 | H7: ASSENTAMENTO DE TUBO DE FERRO FUNDIDO PARA REDE DE ÁGUA, DN 80 MM, JUNTA ELÁSTICA, INSTALADO EM LOCAL COM NÍVEL ALTO DE INTERFERÊNCIAS (NÃO INCLUI FORNECIMENTO). AF_05/2024 | I7: M | J7: COEFICIENTE DE REPRESENTATIVIDADE | K7: 4,58 | L7: CAIXA REFERENCIAL
A8: ASSENTAMENTO DE TUBOS E PECAS | B8: ASTU | C8: FORNEC E/OU ASSENT DE TUBO DE FERRO FUNDIDO JUNTA ELASTICA | D8: 0045 | G8: 97142 | H8: ASSENTAMENTO DE TUBO DE FERRO FUNDIDO PARA REDE DE ÁGUA, DN 100 MM, JUNTA ELÁSTICA, INSTALADO EM LOCAL COM NÍVEL ALTO DE INTERFERÊNCIAS (NÃO INCLUI FORNECIMENTO). AF_05/2024 | I8: M | J8: COEFICIENTE DE REPRESENTATIVIDADE | K8: 5,27 | L8: CAIXA REFERENCIAL
A9: ASSENTAMENTO DE TUBOS E PECAS | B9: ASTU | C9: FORNEC E/OU ASSENT DE TUBO DE FERRO FUNDIDO JUNTA ELASTICA | D9: 0045 | G9: 97143 | H9: ASSENTAMENTO DE TUBO DE FERRO FUNDIDO PARA REDE DE ÁGUA, DN 150 MM, JUNTA ELÁSTICA, INSTALADO EM LOCAL COM NÍVEL ALTO DE INTERFERÊNCIAS (NÃO INCLUI FORNECIMENTO). AF_05/2024 | I9: M | J9: COEFICIENTE DE REPRESENTATIVIDADE | K9: 6,92 | L9: CAIXA REFERENCIAL
A10: ASSENTAMENTO DE TUBOS E PECAS | B10: ASTU | C10: FORNEC E/OU ASSENT DE TUBO DE FERRO FUNDIDO JUNTA ELASTICA | D10: 0045 | G10: 97144 | H10: ASSENTAMENTO DE TUBO DE FERRO FUNDIDO PARA REDE DE ÁGUA, DN 200 MM, JUNTA ELÁSTICA, INSTALADO EM LOCAL COM NÍVEL ALTO DE INTERFERÊNCIAS (NÃO INCLUI FORNECIMENTO). AF_05/2024 | I10: M | J10: COEFICIENTE DE REPRESENTATIVIDADE | K10: 8,59 | L10: CAIXA REFERENCIAL
A11: ASSENTAMENTO DE TUBOS E PECAS | B11: ASTU | C11: FORNEC E/OU ASSENT DE TUBO DE FERRO FUNDIDO JUNTA ELASTICA | D11: 0045 | G11: 97145 | H11: ASSENTAMENTO DE TUBO DE FERRO FUNDIDO PARA REDE DE ÁGUA, DN 250 MM, JUNTA ELÁSTICA, INSTALADO EM LOCAL COM NÍVEL ALTO DE INTERFERÊNCIAS (NÃO INCLUI FORNECIMENTO). AF_05/2024 | I11: M | J11: COEFICIENTE DE REPRESENTATIVIDADE | K11: 10,28 | L11: CAIXA REFERENCIAL
A12: ASSENTAMENTO DE TUBOS E PECAS | B12: ASTU | C12: FORNEC E/OU ASSENT DE TUBO DE FERRO FUNDIDO JUNTA ELASTICA | D12: 0045 | G12: 97146 | H12: ASSENTAMENTO DE TUBO DE FERRO FUNDIDO PARA REDE DE ÁGUA, DN 300 MM, JUNTA ELÁSTICA, INSTALADO EM LOCAL COM NÍVEL ALTO DE INTERFERÊNCIAS (NÃO INCLUI FORNECIMENTO). AF_05/2024 | I12: M | J12: COEFICIENTE DE REPRESENTATIVIDADE | K12: 11,96 | L12: CAIXA REFERENCIAL
A13: ASSENTAMENTO DE TUBOS E PECAS | B13: ASTU | C13: FORNEC E/OU ASSENT DE TUBO DE FERRO FUNDIDO JUNTA ELASTICA | D13: 0045 | G13: 97147 | H13: ASSENTAMENTO DE TUBO DE FERRO FUNDIDO PARA REDE DE ÁGUA, DN 350 MM, JUNTA ELÁSTICA, INSTALADO EM LOCAL COM NÍVEL ALTO DE INTERFERÊNCIAS (NÃO INCLUI FORNECIMENTO). AF_05/2024 | I13: M | J13: COEFICIENTE DE REPRESENTATIVIDADE | K13: 13,65 | L13: CAIXA REFERENCIAL
A14: ASSENTAMENTO DE TUBOS E PECAS | B14: ASTU | C14: FORNEC E/OU ASSENT DE TUBO DE FERRO FUNDIDO JUNTA ELASTICA | D14: 0045 | G14: 97148 | H14: ASSENTAMENTO DE TUBO DE FERRO FUNDIDO PARA REDE DE ÁGUA, DN 400 MM, JUNTA ELÁSTICA, INSTALADO EM LOCAL COM NÍVEL ALTO DE INTERFERÊNCIAS (NÃO INCLUI FORNECIMENTO). AF_05/2024 | I14: M | J14: COEFICIENTE DE REPRESENTATIVIDADE | K14: 15,33 | L14: CAIXA REFERENCIAL
A15: ASSENTAMENTO DE TUBOS E PECAS | B15: ASTU | C15: FORNEC E/OU ASSENT DE TUBO DE FERRO FUNDIDO JUNTA ELASTICA | D15: 0045 | G15: 97149 | H15: ASSENTAMENTO DE TUBO DE FERRO FUNDIDO PARA REDE DE ÁGUA, DN 450 MM, JUNTA ELÁSTICA, INSTALADO EM LOCAL COM NÍVEL ALTO DE INTERFERÊNCIAS (NÃO INCLUI FORNECIMENTO). AF_05/2024 | I15: M | J15: COEFICIENTE DE REPRESENTATIVIDADE | K15: 17,04 | L15: CAIXA REFERENCIAL
A16: ASSENTAMENTO DE TUBOS E PECAS | B16: ASTU | C16: FORNEC E/OU ASSENT DE TUBO DE FERRO FUNDIDO JUNTA ELASTICA | D16: 0045 | G16: 97150 | H16: ASSENTAMENTO DE TUBO DE FERRO FUNDIDO PARA REDE DE ÁGUA, DN 500 MM, JUNTA ELÁSTICA, INSTALADO EM LOCAL COM NÍVEL ALTO DE INTERFERÊNCIAS (NÃO INCLUI FORNECIMENTO). AF_05/2024 | I16: M | J16: COEFICIENTE DE REPRESENTATIVIDADE | K16: 22,74 | L16: CAIXA REFERENCIAL
A17: ASSENTAMENTO DE TUBOS E PECAS | B17: ASTU | C17: FORNEC E/OU ASSENT DE TUBO DE FERRO FUNDIDO JUNTA ELASTICA | D17: 0045 | G17: 97151 | H17: ASSENTAMENTO DE TUBO DE FERRO FUNDIDO PARA REDE DE ÁGUA, DN 600 MM, JUNTA ELÁSTICA, INSTALADO EM LOCAL COM NÍVEL ALTO DE INTERFERÊNCIAS (NÃO INCLUI FORNECIMENTO). AF_05/2024 | I17: M | J17: COEFICIENTE DE REPRESENTATIVIDADE | K17: 26,76 | L17: CAIXA REFERENCIAL
A18: ASSENTAMENTO DE TUBOS E PECAS | B18: ASTU | C18: FORNEC E/OU ASSENT DE TUBO DE FERRO FUNDIDO JUNTA ELASTICA | D18: 0045 | G18: 97152 | H18: ASSENTAMENTO DE TUBO DE FERRO FUNDIDO PARA REDE DE ÁGUA, DN 700 MM, JUNTA ELÁSTICA, INSTALADO EM LOCAL COM NÍVEL ALTO DE INTERFERÊNCIAS (NÃO INCLUI FORNECIMENTO). AF_05/2024 | I18: M | J18: COEFICIENTE DE REPRESENTATIVIDADE | K18: 30,50 | L18: CAIXA REFERENCIAL
... A7679: SERVICOS DIVERSOS | B7679: SEDI | C7679: OUTROS | D7679: 0318 | G7679: 101460 | H7679: VIGIA DIURNO COM ENCARGOS COMPLEMENTARES | I7679: MES | J7679: COEFICIENTE DE REPRESENTATIVIDADE | K7679: 3.842,68 | L7679: ENCARGOS COMPLEMENTARES REFERENCIAL

Sheet Ins_Onerado
A1: PRECOS DE INSUMOS - BANCO NACIONAL
A3: MES DE COLETA: 01/2024
A4: LOCALIDADE: 3920 - PORTO ALEGRE
A5: ENCARGOS SOCIAIS (%) HORISTA 112,88 MENSALISTA 69,79
A7: CODIGO | B7: DESCRICAO DO INSUMO | C7: UNIDADE DE MEDIDA | D7: ORIGEM DO PRECO | E7: PRECO MEDIANO R$
A8: 38605 | B8: ABERTURA PARA ENCAIXE DE CUBA OU LAVATORIO EM BANCADA DE MARMORE/ GRANITO OU OUTRO TIPO DE PEDRA NATURAL | C8: UN | D8: CR | E8: 150,51
A9: 11270 | B9: ABRACADEIRA DE LATAO PARA FIXACAO DE CABO PARA-RAIO, DIMENSOES 32 X 24 X 24 MM | C9: UN | D9: AS | E9: 2,58
A10: 412 | B10: ABRACADEIRA DE NYLON PARA AMARRACAO DE CABOS, COMPRIMENTO DE *230* X *7,6* MM | C10: UN | D10: CR | E10: 1,08
A11: 414 | B11: ABRACADEIRA DE NYLON PARA AMARRACAO DE CABOS, COMPRIMENTO DE 100 X 2,5 MM | C11: UN | D11: CR | E11: 0,06
A12: 410 | B12: ABRACADEIRA DE NYLON PARA AMARRACAO DE CABOS, COMPRIMENTO DE 150 X *3,6* MM | C12: UN | D12: CR | E12: 0,16
A13: 411 | B13: ABRACADEIRA DE NYLON PARA AMARRACAO DE CABOS, COMPRIMENTO DE 200 X *4,6* MM | C13: UN | D13: C | E13: 0,21
A14: 408 | B14: ABRACADEIRA DE NYLON PARA AMARRACAO DE CABOS, COMPRIMENTO DE 390 X *4,6* MM | C14: UN | D14: CR | E14: 1,04
A15: 39131 | B15: ABRACADEIRA EM ACO PARA AMARRACAO DE ELETRODUTOS, TIPO D, COM 1 1/2" E CUNHA DE FIXACAO | C15: UN | D15: CR | E15: 4,93
A16: 394 | B16: ABRACADEIRA EM ACO PARA AMARRACAO DE ELETRODUTOS, TIPO D, COM 1 1/2" E PARAFUSO DE FIXACAO | C16: UN | D16: CR | E16: 4,99
A17: 39130 | B17: ABRACADEIRA EM ACO PARA AMARRACAO DE ELETRODUTOS, TIPO D, COM 1 1/4" E CUNHA DE FIXACAO | C17: UN | D17: CR | E17: 4,50
A18: 395 | B18: ABRACADEIRA EM ACO PARA AMARRACAO DE ELETRODUTOS, TIPO D, COM 1 1/4" E PARAFUSO DE FIXACAO | C18: UN | D18: CR | E18: 4,81
A19: 39127 | B19: ABRACADEIRA EM ACO PARA AMARRACAO DE ELETRODUTOS, TIPO D, COM 1/2" E CUNHA DE FIXACAO | C19: UN | D19: CR | E19: 2,37
... A4917: 41096 | B4917: VIGIA DIURNO (MENSALISTA) | C4917: MES | D4917: CR | E4917: 3.198,58
A4919: TOTAL DE INSUMOS : 4910

Sheet Comp_Onerado
A1: PCI.817.01 - CUSTO DE COMPOSIÇÕES - SINTÉTICO DATA DE EMISSÃO: 12/03/2024 00:16:50 DATA DE RT: 11/03/2024
A2: ENCARGOS SOCIAIS SOBRE PREÇOS DA MÃO-DE-OBRA: 112,88%(HORA) 69,79%(MÊS)
A3: ABRANGÊNCIA : NACIONAL LOCALIDADE : PORTO ALEGRE DATA DE PREÇO : 01/2024 REFERÊNCIA COLETA : MEDIANO
A5: DESCRICAO DA CLASSE | B5: SIGLA DA CLASSE | C5: DESCRICAO DO TIPO 1 | D5: SIGLA DO TIPO 1 | E5: CODIGO DO AGRUPADOR | F5: DESCRICAO DO AGRUPADOR | G5: CODIGO DA COMPOSICAO | H5: DESCRICAO DA COMPOSICAO | I5: UNIDADE | J5: ORIGEM DE PREÇO | K5: CUSTO TOTAL | L5: VINCULO
A7: ASSENTAMENTO DE TUBOS E PECAS | B7: ASTU | C7: FORNEC E/OU ASSENT DE TUBO DE FERRO FUNDIDO JUNTA ELASTICA | D7: 0045 | G7: 97141 | H7: ASSENTAMENTO DE TUBO DE FERRO FUNDIDO PARA REDE DE ÁGUA, DN 80 MM, JUNTA ELÁSTICA, INSTALADO EM LOCAL COM NÍVEL ALTO DE INTERFERÊNCIAS (NÃO INCLUI FORNECIMENTO). AF_11/2017 | I7: M | J7: COEFICIENTE DE REPRESENTATIVIDADE | K7: 8,79 | L7: CAIXA REFERENCIAL
A8: ASSENTAMENTO DE TUBOS E PECAS | B8: ASTU | C8: FORNEC E/OU ASSENT DE TUBO DE FERRO FUNDIDO JUNTA ELASTICA | D8: 0045 | G8: 97142 | H8: ASSENTAMENTO DE TUBO DE FERRO FUNDIDO PARA REDE DE ÁGUA, DN 100 MM, JUNTA ELÁSTICA, INSTALADO EM LOCAL COM NÍVEL ALTO DE INTERFERÊNCIAS (NÃO INCLUI FORNECIMENTO). AF_11/2017 | I8: M | J8: COEFICIENTE DE REPRESENTATIVIDADE | K8: 9,77 | L8: CAIXA REFERENCIAL
A9: ASSENTAMENTO DE TUBOS E PECAS | B9: ASTU | C9: FORNEC E/OU ASSENT DE TUBO DE FERRO FUNDIDO JUNTA ELASTICA | D9: 0045 | G9: 97143 | H9: ASSENTAMENTO DE TUBO DE FERRO FUNDIDO PARA REDE DE ÁGUA, DN 150 MM, JUNTA ELÁSTICA, INSTALADO EM LOCAL COM NÍVEL ALTO DE INTERFERÊNCIAS (NÃO INCLUI FORNECIMENTO). AF_11/2017 | I9: M | J9: COEFICIENTE DE REPRESENTATIVIDADE | K9: 12,17 | L9: CAIXA REFERENCIAL
A10: ASSENTAMENTO DE TUBOS E PECAS | B10: ASTU | C10: FORNEC E/OU ASSENT DE TUBO DE FERRO FUNDIDO JUNTA ELASTICA | D10: 0045 | G10: 97144 | H10: ASSENTAMENTO DE TUBO DE FERRO FUNDIDO PARA REDE DE ÁGUA, DN 200 MM, JUNTA ELÁSTICA, INSTALADO EM LOCAL COM NÍVEL ALTO DE INTERFERÊNCIAS (NÃO INCLUI FORNECIMENTO). AF_11/2017 | I10: M | J10: COEFICIENTE DE REPRESENTATIVIDADE | K10: 14,57 | L10: CAIXA REFERENCIAL
A11: ASSENTAMENTO DE TUBOS E PECAS | B11: ASTU | C11: FORNEC E/OU ASSENT DE TUBO DE FERRO FUNDIDO JUNTA ELASTICA | D11: 0045 | G11: 97145 | H11: ASSENTAMENTO DE TUBO DE FERRO FUNDIDO PARA REDE DE ÁGUA, DN 250 MM, JUNTA ELÁSTICA, INSTALADO EM LOCAL COM NÍVEL ALTO DE INTERFERÊNCIAS (NÃO INCLUI FORNECIMENTO). AF_11/2017 | I11: M | J11: COEFICIENTE DE REPRESENTATIVIDADE | K11: 16,99 | L11: CAIXA REFERENCIAL
A12: ASSENTAMENTO DE TUBOS E PECAS | B12: ASTU | C12: FORNEC E/OU ASSENT DE TUBO DE FERRO FUNDIDO JUNTA ELASTICA | D12: 0045 | G12: 97146 | H12: ASSENTAMENTO DE TUBO DE FERRO FUNDIDO PARA REDE DE ÁGUA, DN 300 MM, JUNTA ELÁSTICA, INSTALADO EM LOCAL COM NÍVEL ALTO DE INTERFERÊNCIAS (NÃO INCLUI FORNECIMENTO). AF_11/2017 | I12: M | J12: COEFICIENTE DE REPRESENTATIVIDADE | K12: 19,42 | L12: CAIXA REFERENCIAL
A13: ASSENTAMENTO DE TUBOS E PECAS | B13: ASTU | C13: FORNEC E/OU ASSENT DE TUBO DE FERRO FUNDIDO JUNTA ELASTICA | D13: 0045 | G13: 97147 | H13: ASSENTAMENTO DE TUBO DE FERRO FUNDIDO PARA REDE DE ÁGUA, DN 350 MM, JUNTA ELÁSTICA, INSTALADO EM LOCAL COM NÍVEL ALTO DE INTERFERÊNCIAS (NÃO INCLUI FORNECIMENTO). AF_11/2017 | I13: M | J13: COEFICIENTE DE REPRESENTATIVIDADE | K13: 21,85 | L13: CAIXA REFERENCIAL
A14: ASSENTAMENTO DE TUBOS E PECAS | B14: ASTU | C14: FORNEC E/OU ASSENT DE TUBO DE FERRO FUNDIDO JUNTA ELASTICA | D14: 0045 | G14: 97148 | H14: ASSENTAMENTO DE TUBO DE FERRO FUNDIDO PARA REDE DE ÁGUA, DN 400 MM, JUNTA ELÁSTICA, INSTALADO EM LOCAL COM NÍVEL ALTO DE INTERFERÊNCIAS (NÃO INCLUI FORNECIMENTO). AF_11/2017 | I14: M | J14: COEFICIENTE DE REPRESENTATIVIDADE | K14: 24,28 | L14: CAIXA REFERENCIAL
A15: ASSENTAMENTO DE TUBOS E PECAS | B15: ASTU | C15: FORNEC E/OU ASSENT DE TUBO DE FERRO FUNDIDO JUNTA ELASTICA | D15: 0045 | G15: 97149 | H15: ASSENTAMENTO DE TUBO DE FERRO FUNDIDO PARA REDE DE ÁGUA, DN 450 MM, JUNTA ELÁSTICA, INSTALADO EM LOCAL COM NÍVEL ALTO DE INTERFERÊNCIAS (NÃO INCLUI FORNECIMENTO). AF_11/2017 | I15: M | J15: COEFICIENTE DE REPRESENTATIVIDADE | K15: 26,74 | L15: CAIXA REFERENCIAL
A16: ASSENTAMENTO DE TUBOS E PECAS | B16: ASTU | C16: FORNEC E/OU ASSENT DE TUBO DE FERRO FUNDIDO JUNTA ELASTICA | D16: 0045 | G16: 97150 | H16: ASSENTAMENTO DE TUBO DE FERRO FUNDIDO PARA REDE DE ÁGUA, DN 500 MM, JUNTA ELÁSTICA, INSTALADO EM LOCAL COM NÍVEL ALTO DE INTERFERÊNCIAS (NÃO INCLUI FORNECIMENTO). AF_11/2017 | I16: M | J16: COEFICIENTE DE REPRESENTATIVIDADE | K16: 34,86 | L16: CAIXA REFERENCIAL
A17: ASSENTAMENTO DE TUBOS E PECAS | B17: ASTU | C17: FORNEC E/OU ASSENT DE TUBO DE FERRO FUNDIDO JUNTA ELASTICA | D17: 0045 | G17: 97151 | H17: ASSENTAMENTO DE TUBO DE FERRO FUNDIDO PARA REDE DE ÁGUA, DN 600 MM, JUNTA ELÁSTICA, INSTALADO EM LOCAL COM NÍVEL ALTO DE INTERFERÊNCIAS (NÃO INCLUI FORNECIMENTO). AF_11/2017 | I17: M | J17: COEFICIENTE DE REPRESENTATIVIDADE | K17: 40,57 | L17: CAIXA REFERENCIAL
A18: ASSENTAMENTO DE TUBOS E PECAS | B18: ASTU | C18: FORNEC E/OU ASSENT DE TUBO DE FERRO FUNDIDO JUNTA ELASTICA | D18: 0045 | G18: 97152 | H18: ASSENTAMENTO DE TUBO DE FERRO FUNDIDO PARA REDE DE ÁGUA, DN 700 MM, JUNTA ELÁSTICA, INSTALADO EM LOCAL COM NÍVEL ALTO DE INTERFERÊNCIAS (NÃO INCLUI FORNECIMENTO). AF_11/2017 | I18: M | J18: COEFICIENTE DE REPRESENTATIVIDADE | K18: 46,02 | L18: CAIXA REFERENCIAL
... A7569: SERVICOS DIVERSOS | B7569: SEDI | C7569: OUTROS | D7569: 0318 | G7569: 101460 | H7569: VIGIA DIURNO COM ENCARGOS COMPLEMENTARES | I7569: MES | J7569: COEFICIENTE DE REPRESENTATIVIDADE | K7569: 4.291,29 | L7569: ENCARGOS COMPLEMENTARES REFERENCIAL
